 Dungeon Crawl Stone Soup version 0.22-a0-410-g97be04f (webtiles) character file.

388292 Goblin1989 the Warrior (level 22, -16/150 HPs)
             Began as a Demonspawn Chaos Knight on May 8, 2018.
             Demolished by an ettin
             ... wielding a +0 dire flail
              (48 damage)
             ... on level 1 of the Depths on May 11, 2018.
             The game lasted 04:26:54 (70808 turns).

Goblin1989 the Warrior (Demonspawn Chaos Knight)   Turns: 70808, Time: 04:26:55

Health: -16/150    AC: 32    Str: 21    XL:     22   Next: 4%
Magic:  0/25       EV: 16    Int: 11    God:    Xom [......]
Gold:   1787       SH: 16    Dex: 13    Spells: 21/21 levels left

rFire    + + .     SeeInvis +   a - +9 broad axe (chaos)
rCold    + + +     Gourm    .   K - +2 shield {reflect} {god gift}
rNeg     + . .     Faith    .   Y - +7 chain mail of Isaz {god gift, rElec SInv}
rPois    +         Spirit   +   (helmet unavailable)
rElec    +         Reflect  +   x - +2 cloak {MR+}
rCorr    +         Harm     .   n - +0 pair of gloves of the Saviour {rElec rF- rC+++ rCorr}
MR       ++...                  V - +2 pair of boots {run}
Stlth    ..........             i - amulet "Ohoxkas" {god gift, Spirit rN+}
HPRegen  0.35/turn              f - ring of protection from fire
MPRegen  0.19/turn              o - ring of poison resistance

@: hasted, very quick
A: antennae 3, fangs 1, hooves 2, molten scales 3, clumsy 1, cold resistance 1,
demonic guardian 3, dopey 1, fire resistance 1, frail 2, foul stench 1,
screaming 1, shaggy fur 1, rot immunity, flame cloud immunity
}: 2/15 runes: decaying, gossamer
a: Renounce Religion


You were on level 1 of the Depths.
You worshipped Xom.
You were a very special plaything of Xom.
You were not hungry.

You visited 8 branches of the dungeon, and saw 39 of its levels.
You visited the Abyss 1 time.
You visited 1 bazaar.
You also visited: Labyrinth, Sewer, Ossuary and Ice Cave.

You collected 5494 gold pieces.
You spent 3707 gold pieces at shops.

Inventory:

Hand Weapons
 a - a +9 broad axe of chaos (weapon)
 b - the +3 hand crossbow of Indomitability {penet, +Inv rF+ Int+2 Stlth+}
   (You bought it in a shop in a bazaar)

   Ammo fired by it will pass through the targets it hits, potentially hitting
   all targets in its path until it reaches maximum range.
   It affects your intelligence (+2).
   It protects you from fire.
   It lets you turn invisible.
   It makes you more stealthy.
 y - a +1 broad axe of flaming
Missiles
 N - 6 tomahawks of dispersal
 O - 1501 bolts
 Z - a throwing net (quivered) {!d , @Q1}
Armour
 n - the +0 pair of gloves of the Saviour (worn) {rElec rF- rC+++ rCorr}
   (You bought it in a shop on level 2 of the Orcish Mines)

   It makes you vulnerable to fire.
   It renders you almost immune to cold.
   It insulates you from electricity.
   It protects you from acid and corrosion.
 x - a +2 cloak of magic resistance (worn)
 K - a +2 shield of reflection (worn) {god gift}
 V - a +2 pair of boots of running (worn)
 Y - the +7 chain mail of Isaz (worn) {god gift, rElec SInv}
   (Xom gifted it to you on level 2 of the Lair of Beasts)

   It insulates you from electricity.
   It lets you see invisible.
Jewellery
 f - a ring of protection from fire (left hand)
 i - the amulet "Ohoxkas" (around neck) {god gift, Spirit rN+}
   (Xom gifted it to you on level 2 of the Orcish Mines)

   [amulet of guardian spirit]

   It causes incoming damage to be split between your health and magic.
   It protects you from negative energy.
 m - an uncursed ring of protection from magic
 o - a ring of poison resistance (right hand)
 v - an uncursed ring of protection from fire
Wands
 h - a wand of scattershot (6) {@v5}
 A - a wand of acid (6) {@v2}
 H - a wand of digging (45) {@v1}
 I - a wand of iceblast (73) {@v4}
 P - a wand of paralysis (26)
 S - a wand of flame (37) {@v6}
Scrolls
 p - 2 scrolls of summoning
 s - 7 scrolls of immolation
 z - 7 scrolls of fog
 B - 3 scrolls of blinking
 F - 7 scrolls of fear
 L - 8 scrolls of enchant armour
 M - 7 scrolls of magic mapping
 R - 7 scrolls of identify {@r1}
 T - 15 scrolls of teleportation {!r, @r2}
 W - 15 scrolls of remove curse {@r3}
Potions
 j - 7 potions of ambrosia
 q - 4 potions of haste {@q3,}
 r - a potion of might {@q4}
 u - 4 potions of cancellation
 w - 16 potions of lignification
 C - 2 potions of berserk rage
 E - 6 potions of heal wounds {@q2}
 G - 4 potions of mutation {!q}
 J - 4 potions of agility {@q5}
 Q - 4 potions of resistance {@q6}
 X - 24 potions of curing {@q1}
Miscellaneous
 d - 2 boxes of beasts
 k - a fan of gales
 l - 3 phantom mirrors
 U - a phial of floods
Comestibles
 e - 47 rations
 D - 6 chunks of flesh


   Skills:
 + Level 19.5 Fighting
 - Level 18.0 Axes
 - Level 10.0 Crossbows
 - Level 11.0 Armour
 + Level 16.5 Dodging
 - Level 15.0 Shields
 - Level 5.0 Evocations


You had 21 spell levels left.
You didn't know any spells.

Dungeon Overview and Level Annotations

Branches:
Dungeon (15/15)            Temple (0/1) D:4            Lair (6/6) D:9
  Swamp (4/4) Lair:4       Spider (4/4) Lair:4        Slime (0/5) Lair:5
    Orc (2/2) D:10            Elf (3/3) Orc:2        Vaults (4/5) D:14
  Crypt (0/3) Vaults:2     Depths (1/5) D:15

Altars:
Ashenzari
Elyvilon
Fedhas
Gozag
Hepliaklqana
Kikubaaqudgha
Xom
Zin
The Shining One

Shops:
D:8 **?*   Orc:1 [   Orc:2 [***   Elf:1 =}}   Elf:2 *   Vaults:2 !   Vaults:4 }

Annotations:
Lair:2 exclusion: 2 oklob plants
Lair:3 Rupert
Swamp:2 exclusion: 2 oklob plants, Roxanne


Innate Abilities, Weirdness & Mutations

You have a pair of large antennae on your head. (SInv)
You are completely covered in molten scales. (AC +4, rF+)
A powerful demonic guardian rushes to your aid.
Your flesh is heat resistant. (rF+)
You may emit foul miasma when damaged in melee.
You are immune to rotting.
You are immune to clouds of flame.
You have very sharp teeth.
You have hoof-like feet.
You are clumsy. (Dex -2)
Your flesh is cold resistant. (rC+)
You are dopey. (Int -2)
You are very frail. (-20% HP)
You occasionally shout uncontrollably at your foes.
You are covered in fur. (AC +1)


Message History

The ettin is moderately wounded.
You block the ettin's attack. The ettin barely misses you.
You hit the ettin but do no damage.
The ettin is moderately wounded.
The ettin hits you with a dire flail. You block the ettin's attack.
You take 5 damage, and have 145/150 hp.
You now have 24/25 mp.
You slice the ettin!! Lightning courses through the ettin!
The ettin is severely wounded.
You slash the ettin!
The ettin is almost dead.
You block the ettin's attack. The ettin completely misses you.
You slash the ettin!
You feel better.
The ettin is almost dead.
You block the ettin's attack. The ettin closely misses you.
You regained 2 hp, and now have 148/150 hp.
You hit the ettin.
You kill the ettin!
No target in view!
No target in view!
No target in view!
No target in view!
No target in view!
No target in view!
No target in view!
No target in view!
No target in view!
No target in view!
No target in view!
No target in view!
No target in view!
No target in view!
No target in view!
No target in view!
No target in view!
No target in view!
No target in view!
No target in view!
You butcher the ettin corpse.
D - 6 chunks of flesh
Things that are here:
a dire flail x2
Things that are here:
a dire flail x2; Health restored: 150; MP restored: 25 You sense a monster nearby.
You sense a monster nearby.
You sense a monster nearby.
An ettin comes into view. It is wielding two dire flails.
There is an open door here.
The ettin hits you with a dire flail! The ettin closely misses you.
You take 6 damage, and have 144/150 hp.
You now have 24/25 mp.
You slash the ettin! You burn the ettin. Your bite misses the ettin.
The ettin is moderately wounded.
You block the ettin's attack. x2
You hit the ettin but do no damage.
The ettin goes berserk!
You bite the ettin, but do no damage.
The ettin is moderately wounded.
You block the ettin's attack. The ettin hits you with a dire flail!!!
You take 39 damage, and have 105/150 hp.
MASSIVE DAMAGE!!
You now have 17/25 mp.
You hit the ettin. You freeze the ettin. You bite the ettin, but do no damage.
The ettin is moderately wounded.
You block the ettin's attack. The ettin hits you with a dire flail!!!
* * * LOW HITPOINT WARNING * * *
You hear a screech!
You are too injured to fight recklessly!
You take 57 damage, and have 48/150 hp.
MASSIVE DAMAGE!!
You now have 8/25 mp.
You are too injured to fight recklessly!
You are too injured to fight recklessly!
You are too injured to fight recklessly!
You are too injured to fight recklessly!
You are too injured to fight recklessly!
You are too injured to fight recklessly!
You are too injured to fight recklessly!
You are too injured to fight recklessly!
You are too injured to fight recklessly!
You are too injured to fight recklessly!
You are too injured to fight recklessly!
You are too injured to fight recklessly!
You are too injured to fight recklessly!
You are too injured to fight recklessly!
You are too injured to fight recklessly!
You are too injured to fight recklessly!
You are too injured to fight recklessly!
You are too injured to fight recklessly!
You are too injured to fight recklessly!
You are too injured to fight recklessly!
Unknown command.
You barely miss the ettin.
The ettin is moderately wounded.
The ettin hits you with a dire flail!!
* * * LOW HITPOINT WARNING * * *
The ettin looks sick.
You block the ettin's attack.
You take 17 damage, and have 31/150 hp.
You now have 5/25 mp.
You slash the ettin!
The ettin is moderately wounded.
You block the ettin's attack. The ettin hits you but does no damage.
Unknown command.
You feel yourself speed up. The ettin hits you with a dire flail!!!
You die...
Xom roars with laughter!

... █..█ ███.
███..████████
█...........█
█...........█
█...........████
█...........∆..█
█...........█
█.█∆███████.█
█.█@█ { █.█
█.█C█ █.█ █.█.█{
█.. █.█ { █..
█.. █.█ ███ █.█
{ {


You could see an ettin (berserk).

Vanquished Creatures
  An ancient lich (Vaults:2)
  Saint Roka (Vaults:2)
  Nikola (Swamp:1)
  Jorgrun (Depths:1)
  4 liches
  A tentacled monstrosity (Vaults:1)
  Asterion (Vaults:1)
  A deep elf blademaster (Elf:3)
  A deep elf master archer (Elf:3)
  An Executioner (Abyss:2)
  3 thorn hunters
  A sphinx (Vaults:4)
  A revenant (Vaults:2)
  A storm dragon (Elf:1)
  A fire giant (Vaults:4)
  9 deep elf sorcerers
  2 frost giants (Depths:1)
  8 vault wardens
  3 ghost moths
  An orc warlord (Orc:2)
  9 emperor scorpions
  4 deep elf elementalists (Elf:3)
  8 ironheart preservers
  A ghoul (Vaults:4)
  2 entropy weavers
  10 stone giants
  4 very ugly things (Vaults:3)
  3 dire elephants
  14 deep elf annihilators
  3 deep elf demonologists (Elf:3)
  A spark wasp (shapeshifter) (Vaults:1)
  2 spark wasps
  A fire dragon (Vaults:1)
  5 deep elf death magi
  A minotaur (Lab)
  6 ettins
  2 deep elf high priests (Elf:3)
  Josephine (Orc:2)
  2 great orbs of eyes
  5 ice dragons
  5 vault guards
  5 yaktaur captains
  24 hydras
  5 rakshasas
  2 ghost crabs (Swamp:4)
  3 death knights
  A deep troll earth mage (Vaults:2)
  31 dancing weapons
  7 centaur warriors
  33 two-headed ogres
  4 alligators
  A tengu warrior (Depths:1)
  8 ogre magi
  A spriggan berserker (Swamp:4)
  20 deep elf knights
  Sonja (Orc:1)
  Urug (D:12)
  A fire crab (shapeshifter) (Elf:2)
  4 hell knights (Depths:1)
  16 slime creatures
  A glowing orange brain (shapeshifter) (D:14)
  2 unseen horrors
  7 skeletal warriors
  5 shambling mangroves
  5 wizards
  A glowing orange brain (Spider:4)
  2 flayed ghosts
  2 spriggan druids
  9 deep trolls
  13 deep elf archers
  6 swamp dragons
  3 harpies
  3 necromancers
  12 ironbrand convokers
  A mana viper (Abyss:2)
  6 orc knights
  2 phantasmal warriors (Vaults:4)
  A harpy (shapeshifter) (Vaults:4)
  16 ugly things
  21 orb spiders
  4 orc sorcerers
  2 oklob plants
  A salamander (shapeshifter) (D:14)
  2 cyclopes
  A salamander (Vaults:3)
  A sphinx skeleton (Vaults:1)
  36 wolf spiders
  59 deep elf magi
  2 moths of wrath
  4 manticores
  10 elephants (Lair:6)
  Maurice (Orc:2)
  3 black mambas
  3 centaur zombies
  An eye of devastation (shapeshifter) (Spider:4)
  9 vault sentinels
  20 spiny frogs
  A torpor snail (Spider:3)
  4 smoke demons (Abyss:2)
  Psyche (D:8)
  An ice statue (IceCv)
  A naga mage (D:15)
  3 gargoyles
  An efreet (Abyss:2)
  A torpor snail (shapeshifter) (Orc:2)
  33 yaktaurs
  14 demonic crawlers
  10 rime drakes
  A tengu conjurer (Depths:1)
  7 komodo dragons
  7 freezing wraiths
  A hellwing (Abyss:2)
  A jumping spider (shapeshifter) (Elf:1)
  A meliai (shapeshifter) (Vaults:1)
  4 polar bears
  27 hornets
  43 jumping spiders
  7 tyrant leeches
  3 trolls
  4 raiju (Abyss:2)
  6 bog bodies
  A raiju (shapeshifter) (Vaults:2)
  A dream sheep (shapeshifter) (Elf:3)
  7 blink frogs
  15 hippogriffs
  7 flying skulls (Abyss:2)
  3 air elementals
  A redback (shapeshifter) (Depths:1)
  6 spriggans
  A spriggan (shapeshifter) (Vaults:4)
  4 shadows
  8 wraiths
  71 redbacks
  5 water elementals
  34 tarantellas
  14 wyverns
  6 basilisks
  44 yaks
  2 vampires (D:13)
  A ynoxinul (Abyss:2)
  4 large abominations (Abyss:2)
  7 hungry ghosts
  A basilisk (shapeshifter) (D:13)
  4 golden eyes (Abyss:2)
  A chaos spawn (Abyss:2)
  4 fire elementals
  A neqoxec (Abyss:2)
  19 humans (D:14)
  35 vampire mosquitoes
  19 swamp worms
  12 insubstantial wisps
  A naga (shapeshifter) (Vaults:2)
  8 wargs
  An ogre zombie (Vaults:1)
  A soldier ant (D:14)
  Duvessa (D:6)
  14 water moccasins
  6 porcupines
  6 sky beasts
  27 swamp drakes
  A sky beast (shapeshifter) (Vaults:3)
  A black bear (D:9)
  An eye of draining (shapeshifter) (Spider:1)
  2 necrophages
  26 orc warriors
  A phantom (D:10)
  5 boggarts (Vaults:2)
  9 ice beasts
  20 wolves
  45 ogres
  7 centaurs
  A tengu (shapeshifter) (Depths:1)
  8 crocodiles
  A crocodile (shapeshifter) (D:3)
  6 big kobolds
  5 small abominations (Abyss:2)
  19 bullfrogs
  4 earth elementals
  A deep troll simulacrum (Vaults:1)
  4 water moccasin zombies (Ossuary)
  2 scorpions
  A wyvern skeleton (D:14)
  A scorpion (shapeshifter) (Depths:1)
  A howler monkey (D:12)
  8 electric eels (D:7)
  A bullfrog zombie (D:9)
  3 crimson imps
  9 hounds
  A quasit (D:8)
  8 jellies
  Crazy Yiuf (D:2)
  11 orc priests
  13 orc wizards
  2 centaur skeletons
  2 bullfrog skeletons
  4 iguanas
  9 worker ants
  2 big kobold zombies (Ossuary)
  4 hound skeletons
  2 mummies (Ossuary)
  Robin (D:2)
  13 adders
  2 howler monkey skeletons
  3 river rats (Sewer)
  A river rat (shapeshifter) (D:5)
  3 shadow imps
  11 white imps (D:12)
  11 adder zombies
  4 oozes (Lair:5)
  5 worms
  3 dart slugs
  14 leopard geckos
  69 orcs
  9 giant cockroaches
  3 gnoll zombies (Ossuary)
  13 goblins
  7 hobgoblins
  8 jackals
  3 quokkas
  12 ball pythons
  8 bats
  5 frilled lizards
  4 hobgoblin zombies (Ossuary)
  24 kobolds
  5 kobold zombies (Ossuary)
  A leopard gecko zombie (D:7)
  7 orc zombies (Ossuary)
  2 quokka zombies (D:6)
  26 rats
  2 briar patches (Swamp:2)
  2 crawling corpses (Elf:1)
  3 fungi
  4 plants
1702 creatures vanquished.

Vanquished Creatures (collateral kills)
  Mara (Depths:1)
  A tengu reaver (D:12)
  5 deep elf sorcerers (Elf:3)
  2 deep elf elementalists (Elf:3)
  2 deep elf annihilators
  3 deep elf death magi
  2 yaktaur captains
  3 deep elf high priests (Elf:3)
  2 hydras
  A vault guard (Vaults:2)
  2 ogre magi
  Erica (Orc:1)
  A centaur warrior (D:12)
  5 two-headed ogres
  2 deep elf knights (Elf:3)
  Nergalle (Lair:1)
  3 hell knights (Depths:1)
  A swamp dragon (Swamp:4)
  An orc knight (Vaults:4)
  A phantasmal warrior (Vaults:4)
  6 deep elf magi
  4 ugly things
  An orc sorcerer (Vaults:4)
  5 orb spiders
  A wolf spider (Spider:4)
  A spiny frog (Lair:1)
  An eye of devastation (Spider:1)
  An ice statue (IceCv)
  6 yaktaurs (Vaults:4)
  A freezing wraith (Vaults:4)
  A komodo dragon (Lair:1)
  A troll (D:14)
  A hornet (Lair:6)
  3 jumping spiders
  3 slime creatures
  A hippogriff (D:10)
  A bog body (Swamp:4)
  3 redbacks
  3 yaks
  A vampire mosquito (Swamp:2)
  2 wargs (Vaults:4)
  A swamp worm (Swamp:2)
  A water moccasin (Lair:3)
  A porcupine (Lair:4)
  2 orc warriors
  4 ogres
  A bullfrog (Lair:2)
  Dowan (D:6)
  2 orc wizards
  A white imp (D:12)
  A leopard gecko (D:6)
  3 orcs
  A plant (Lair:6)
106 creatures vanquished.

Vanquished Creatures (others)
  A vault warden (Vaults:4)
  An ironheart preserver (Vaults:4)
  A minotaur (Spider:4)
  2 yaktaur captains
  A death knight (Vaults:4)
  3 ogre magi (Vaults:4)
  3 dancing weapons
  A deep elf archer (Elf:2)
  A shambling mangrove (Swamp:3)
  An ironbrand convoker (Vaults:4)
  An orb spider (Spider:3)
  3 deep elf magi
  An ugly thing (Vaults:1)
  A spiny frog (Swamp:1)
  An orc skeleton (Vaults:1)
  6 yaktaurs
  3 jumping spiders
  A hornet (Swamp:4)
  5 dream sheep (D:5)
  A redback (Spider:4)
  A yak (D:10)
  A swamp worm (Swamp:1)
  A warg (Vaults:2)
  3 orc warriors
  6 ogres
  A centaur (D:8)
  A small abomination (Abyss:2)
  A jelly (D:13)
  A fire vortex (Elf:3)
  18 fungi
  19 plants
91 creatures vanquished.

Grand Total: 1899 creatures vanquished

Notes
Turn   | Place    | Note
-------+----------+-------------------------------------------
     0 | D:1      | Goblin1989 the Demonspawn Chaos Knight began the quest for the Orb.
     0 | D:1      | Reached XP level 1. HP: 18/18 MP: 1/1
   265 | D:1      | XOM: silly message
   294 | D:1      | Gained mutation: You are immune to rotting. [demonic ancestry]
   294 | D:1      | Reached XP level 2. HP: 23/24 MP: 2/2
   360 | D:1      | XOM: god gift: scroll labeled VIRPHE FOEDOUTU {god gift}
   407 | D:1      | XOM: god gift: ration {god gift}
   646 | D:1      | XOM: smoke on damage
   754 | D:1      | XOM: scenery: 1 doors open
   763 | D:1      | Reached XP level 3. HP: 28/29 MP: 3/3
   825 | D:1      | XOM: cloud trail
   938 | D:1      | XOM: god gift: thick runed staff {god gift}
  1012 | D:1      | XOM: scenery: create altars
  1369 | D:2      | XOM: scenery: create altars
  1395 | D:2      | Noticed Robin
  1403 | D:2      | XOM: confuse monster(s)
  1413 | D:2      | XOM: scenery: create altars
  1433 | D:2      | Killed Robin
  1433 | D:2      | Reached skill level 1 in Shields
  1460 | D:2      | XOM: divination: detect items
  1549 | D:2      | Gained mutation: You have a pair of small antennae on your head. [demonic ancestry]
  1549 | D:2      | Reached XP level 4. HP: 35/35 MP: 4/4
  1938 | D:2      | Found a runed door.
  1942 | D:2      | Noticed Crazy Yiuf
  1946 | D:2      | Killed Crazy Yiuf
  2200 | D:3      | XOM: mild Erth miscast
  2235 | D:3      | Upgraded the game from 0.22-a0-402-ga933591 to 0.22-a0-406-g9ff8d77
  2355 | D:3      | Gained mutation: You may emit foul miasma when damaged in melee. [demonic ancestry]
  2355 | D:3      | Reached XP level 5. HP: 25/41 MP: 5/5
  2412 | D:3      | XOM: 8-stop teleportation journey
  2604 | D:3      | XOM: mild Necr miscast
  2930 | D:3      | XOM: harmless Conj miscast
  2968 | D:3      | Noticed Jessica
  2976 | D:3      | Jessica changed into Jessica the gnoll
  2976 | D:3      | XOM: polymorph Jessica -> Jessica the gnoll
  3015 | D:3      | Noticed Jessica
  3018 | D:3      | Killed Jessica the crocodile
  3018 | D:3      | Reached skill level 5 in Axes
  3228 | D:4      | XOM: 3-stop teleportation journey
  3259 | D:4      | Noticed an ogre
  3276 | D:4      | Killed an ogre
  3276 | D:4      | Gained mutation: You have a pair of antennae on your head. [demonic ancestry]
  3276 | D:4      | Reached XP level 6. HP: 32/47 MP: 6/6
  3381 | D:4      | Found a hazy altar of Hepliaklqana.
  3616 | D:4      | XOM: give mutations
  3616 | D:4      | Gained mutation: You are robust. (+10% HP) [Xom's grace]
  3616 | D:4      | Gained mutation: You can translocate small distances at will. [Xom's grace]
  3616 | D:4      | Gained mutation: You possess an exceptional clarity of mind. [Xom's grace]
  3616 | D:4      | Gained mutation: You have a beak for a mouth. [Xom's grace]
  3689 | D:4      | Found a staircase to the Ecumenical Temple.
  3761 | D:4      | XOM: god gift: 8 needles of sleeping {god gift}
  3796 | D:4      | Found a glowing golden altar of the Shining One.
  3797 | D:4      | Found an opulent altar of Gozag.
  3941 | D:5      | Entered Level 5 of the Dungeon
  3978 | D:5      | XOM: mild Conj miscast
  3983 | D:5      | Noticed a sky beast
  3988 | D:5      | Reached skill level 1 in Dodging
  4010 | D:5      | XOM: harmless Conj miscast
  4018 | D:5      | Killed a sky beast
  4022 | D:5      | XOM: divination: detect items
  4034 | D:5      | Gained mutation: You have a pair of large antennae on your head. (SInv) [demonic ancestry]
  4034 | D:5      | Reached XP level 7. HP: 4/57 MP: 7/7
  4230 | D:4      | XOM: give mutation
  4230 | D:4      | Gained mutation: Armour fits poorly on your strangely shaped body. [Xom's mischief]
  4340 | D:5      | Found a shimmering altar of Xom.
  4340 | D:5      | Noticed a dream sheep
  4340 | D:5      | Noticed a dream sheep
  4340 | D:5      | Noticed a dream sheep
  4340 | D:5      | Noticed a dream sheep
  4340 | D:5      | Noticed a dream sheep
  4345 | D:5      | Killed a dream sheep
  4345 | D:5      | Killed a dream sheep
  4346 | D:5      | Killed a dream sheep
  4346 | D:5      | Killed a dream sheep
  4347 | D:5      | Killed a dream sheep
  4411 | D:5      | XOM: 2-stop teleportation journey
  4490 | D:3      | XOM: medium Fire miscast
  4818 | D:5      | XOM: enchant monster (bad)
  4931 | D:5      | XOM: polymorph orc wizard -> wolf
  4933 | D:5      | XOM: summons 3 hostile demons
  4934 | D:5      | Noticed a sun demon
  5148 | D:4      | XOM: mild Ice miscast
  5330 | D:5      | Got an iridescent rapier
  5468 | D:6      | Identified the +8 rapier of Law {flame, -Tele rN+ Dex+4} (You found it on level 5 of the Dungeon)
  5474 | D:6      | Noticed Duvessa
  5474 | D:6      | Noticed Dowan
  5485 | D:6      | XOM: harmless Summ miscast
  5494 | D:6      | XOM: swap monsters
  5501 | D:6      | Killed Duvessa
  5506 | D:6      | Found a glowing drain.
  5509 | D:6      | XOM: harmless Ice miscast
  5514 | D:6      | XOM: summons friendly white imp
  5517 | D:6      | Killed Dowan
  5517 | D:6      | Reached skill level 1 in Crossbows
  5522 | Sewer    | Entered a sewer
  5616 | Sewer    | Reached skill level 4 in Fighting
  5642 | Sewer    | XOM: enchant monster (bad)
  5685 | Sewer    | Reached XP level 8. HP: 29/66 MP: 8/8
  5755 | Sewer    | XOM: silly message
  5854 | Sewer    | XOM: harmless Air miscast
  5943 | D:6      | XOM: cast spell 'Summon Butterflies'
  5976 | D:6      | Found a blossoming altar of Fedhas.
  5999 | D:6      | Found a sand-covered staircase.
  6006 | Ossuary  | Entered an ossuary
  6085 | Ossuary  | XOM: god gift: shiny shield {god gift}
  6399 | Ossuary  | XOM: noise
  6463 | Ossuary  | XOM: scenery: 1 doors open, 1 doors close
  6611 | D:6      | XOM: give mutation
  6611 | D:6      | Gained mutation: Your mind is acute. (Int +2) [Xom's grace]
  6977 | D:6      | XOM: scenery: create altars
  7214 | D:6      | XOM: fake destruction
  7474 | D:7      | XOM: chaos cloud
  7475 | D:7      | XOM: harmless Hex miscast
  7511 | D:7      | XOM: harmless Fire miscast
  7515 | D:7      | Reached XP level 9. HP: 39/73 MP: 9/9
  7588 | D:7      | Found a shattered altar of Ashenzari.
  7593 | D:7      | Paralysed by a hornet for 3 turns
  7597 | D:7      | XOM: swap monsters
  7603 | D:7      | Reached skill level 5 in Fighting
  7603 | D:7      | Reached skill level 1 in Evocations
  7604 | D:7      | XOM: enchant monster (good)
  8036 | D:7      | XOM: enchant monster (good)
  8158 | D:7      | XOM: god gift: 35 gold pieces {god gift}
  8415 | D:7      | Reached skill level 5 in Shields
  8621 | D:7      | XOM: noise
  8766 | D:7      | XOM: god gift: potion of lignification {god gift}
  9219 | D:8      | XOM: enchant monster (good)
  9807 | D:8      | XOM: cloud trail
  9835 | D:8      | Noticed Psyche
  9843 | D:8      | Killed Psyche
  9843 | D:8      | Gained mutation: You are partially covered in molten scales. (AC +2) [demonic ancestry]
  9843 | D:8      | Reached XP level 10. HP: 64/83 MP: 12/12
  9857 | D:8      | XOM: silly message
  9955 | D:8      | XOM: noise
  9998 | D:8      | Found Laujouv's General Store.
 10006 | D:8      | Bought a potion of haste for 140 gold pieces
 10006 | D:8      | Bought a scroll of fog for 28 gold pieces
 10059 | D:8      | Noticed a two-headed ogre
 10081 | D:8      | XOM: confuse monster(s)
 10083 | D:8      | Killed a two-headed ogre
 10083 | D:8      | Reached skill level 6 in Fighting
 10083 | D:8      | Reached skill level 5 in Armour
 10166 | D:8      | XOM: noise
 10371 | D:8      | Found Feowemy's General Store.
 10380 | D:8      | XOM: harmless Fire miscast
 10382 | D:8      | XOM: divination: detect creatures
 10506 | D:8      | Found Sappaud's Magic Scroll Boutique.
 10629 | D:8      | XOM: divination: detect items
 10730 | D:8      | Found Vuhip's Assorted Antiques.
 11300 | D:9      | XOM: mild Hex miscast
 11763 | D:9      | Found a staircase to the Lair.
 11767 | D:9      | XOM: potion effect (might)
 12100 | D:10     | Entered Level 10 of the Dungeon
 12115 | D:10     | XOM: harmless Erth miscast
 12158 | D:10     | Found a staircase to the Orcish Mines.
 12164 | D:10     | XOM: cast spell 'Ring of Flames'
 12172 | D:10     | XOM: confuse monster(s)
 12174 | D:10     | XOM: divine lightning
 12226 | D:10     | Reached skill level 5 in Crossbows
 12297 | D:10     | Noticed a gargoyle
 12297 | D:10     | XOM: cast spell 'Summon Ice Beast'
 12308 | D:10     | Killed a gargoyle
 12314 | D:10     | XOM: cloud trail
 12395 | D:10     | XOM: divination: detect creatures
 12701 | D:10     | Gained mutation: A weak demonic guardian rushes to your aid. [demonic ancestry]
 12701 | D:10     | Reached XP level 11. HP: 91/91 MP: 14/14
 12714 | D:10     | XOM: scenery: 1 doors open
 12747 | D:10     | XOM: confuse monster(s)
 12815 | D:10     | XOM: scenery: create altars
 13080 | D:11     | XOM: divination: detect creatures
 13122 | D:11     | XOM: scenery: 1 doors close
 13175 | D:11     | XOM: fake destruction
 13178 | D:11     | XOM: blink monster(s)
 13191 | D:11     | Noticed an unseen horror
 13195 | D:11     | Killed an unseen horror
 13195 | D:11     | Reached skill level 7 in Fighting
 13204 | D:11     | Reached skill level 5 in Evocations
 13212 | D:11     | XOM: harmless Pois miscast
 13226 | D:11     | XOM: give mutations
 13226 | D:11     | Gained mutation: Your mind is very acute. (Int +4) [Xom's mischief]
 13226 | D:11     | Gained mutation: Your body sometimes deteriorates upon taking damage. [Xom's mischief]
 13285 | D:11     | HP: 2/92 [yak (9)]
 13287 | D:11     | XOM: harmless Summ miscast
 13322 | D:11     | XOM: divination: magic mapping
 13377 | D:11     | XOM: god gift: wooden ring {god gift}
 13719 | D:11     | Noticed a cyan ugly thing
 13725 | D:11     | XOM: destruction
 13849 | D:11     | DEFE: Что намутировал?
 13948 | D:11     | Goblin1989: вот
 13948 | D:11     | DEFE: гвардия и миазма
 13948 | D:11     | Goblin1989: еще антены
 13964 | D:11     | DEFE: Антенны норм
 13966 | D:10     | DEFE: гвардия и миазма лажа
 13966 | D:10     | Goblin1989: !lg . -log
 13966 | D:10     | beem: 2457. Goblin1989, XL21 DsCK, T:55294: https://crawl.xtahua.com/crawl/morgue/Goblin1989/morgue-Goblin1989-20180508-031212.txt
 14003 | Orc:1    | Entered Level 1 of the Orcish Mines
 14204 | Orc:1    | Noticed Erica
 14205 | Orc:1    | Found Zeprut's Armour Boutique.
 14213 | Orc:1    | Killed Erica
 14213 | Orc:1    | Reached skill level 10 in Axes
 14271 | Orc:1    | XOM: noise
 14415 | Orc:2    | Entered Level 2 of the Orcish Mines
 14415 | Orc:2    | Found a staircase to the Elven Halls.
 14492 | Lair:1   | Entered Level 1 of the Lair of Beasts
 14506 | Lair:1   | XOM: 5-stop teleportation journey
 14654 | Lair:1   | XOM is BORED!
 14701 | Lair:1   | Noticed Nergalle
 14707 | Lair:1   | Killed Nergalle
 14724 | Lair:1   | XOM: confuse monster(s)
 14800 | Lair:1   | XOM: 3-stop teleportation journey
 15067 | Lair:1   | XOM: medium Chrm miscast
 15243 | Lair:2   | Goblin1989: точно
 15243 | Lair:2   | Goblin1989: чего я гидр боюсь, у меня есть маленький арбалетик и куча демонов ада
 15384 | Lair:2   | XOM: confuse monster(s)
 15437 | Lair:2   | DEFE: у тебя первый левел мутации
 15443 | Lair:2   | DEFE: же
 15444 | Lair:2   | XOM: god gift: potion of invisibility {god gift}
 15445 | Lair:2   | DEFE: какие демоны
 15445 | Lair:2   | Goblin1989: для массовки сойдет
 15448 | Lair:2   | XOM: 5-stop teleportation journey
 15569 | Lair:2   | Noticed an oklob plant
 15569 | Lair:2   | Noticed an oklob plant
 15952 | Lair:2   | XOM: medium Ice miscast
 16440 | Lair:2   | XOM: divination: detect creatures
 16566 | Lair:2   | XOM: give mutation
 16566 | Lair:2   | Gained mutation: You have supernaturally acute eyesight. (SInv) [Xom's grace]
 16720 | Lair:2   | XOM: cleaving
 17018 | Lair:3   | Got a translucent leather armour
 17037 | Lair:3   | XOM: summons 7 friendly demons
 17038 | Lair:3   | Reached XP level 12. HP: 101/101 MP: 15/15
 17041 | Lair:3   | Reached skill level 8 in Fighting
 17068 | Lair:3   | XOM: 5-stop teleportation journey
 17110 | Lair:3   | XOM: god gift: hand axe {god gift}
 17112 | Lair:3   | XOM: scenery: create altars
 17118 | Lair:3   | XOM: divination: detect items
 17121 | Lair:3   | XOM: divination: magic mapping
 17227 | Lair:3   | Noticed Rupert
 17299 | Lair:3   | XOM: cast spell 'Leda's Liquefaction'
 17300 | Lair:3   | DEFE: лол
 17300 | Lair:3   | DEFE: ну че там
 17300 | Lair:3   | DEFE: @?Rupert
 17300 | Lair:3   | beem: Rupert (@)
                  | Spd:
    10 | HD: 16   | HP: 98-138
                  | AC/EV: 6/8
                  | Dam: 21
                  | weapons, items, doors, see invisible
                  | Res: magic(100)
                  | XP: 2914
                  | Sp: paralyse, confuse, berserker rage [!sil]
                  | Sz: Medium
                  | Int: human.
 17300 | Lair:3   | DEFE: теле
 17302 | Lair:3   | DEFE: что тут дмать
 17314 | Lair:3   | XOM: divination: detect items
 17315 | Lair:3   | XOM: potion effect (might)
 17418 | Lair:3   | XOM: harmless Conj miscast
 17439 | Lair:3   | Paralysed by Rupert for 7 turns
 17543 | Lair:4   | XOM: confuse monster(s)
 17555 | Lair:4   | Found a white marble altar of Elyvilon.
 17555 | Lair:4   | XOM: 2-stop teleportation journey
 17564 | Lair:4   | XOM: scenery: create altars
 18117 | D:8      | Bought a shiny chain mail for 180 gold pieces
 18138 | D:8      | Identified the +2 leather armour of Grottiness {+Fly} (You found it on level 3 of the Lair of Beasts)
 18390 | Lair:4   | XOM: mild Ice miscast
 18418 | Lair:4   | Noticed a six-headed hydra
 18422 | Lair:4   | XOM: potion effect (heal wounds)
 18445 | Lair:4   | Found a staircase to the Swamp.
 18919 | Lair:4   | XOM: fog
 18996 | Lair:4   | Killed a one-headed hydra
 19176 | Lair:4   | XOM: cast spell 'Chain of Chaos'
 19224 | Lair:4   | Noticed an eight-headed hydra
 19271 | Lair:4   | XOM: 1-stop teleportation journey
 19350 | Lair:4   | XOM: summons 1 hostile shadow creature
 19609 | Lair:4   | Found a hole to the Spider Nest.
 19618 | Lair:4   | Reached skill level 9 in Fighting
 19881 | Lair:4   | XOM: summons 3 hostile demons
 20448 | Lair:4   | XOM: harmless Air miscast
 20470 | Lair:4   | Killed a four-headed hydra
 20470 | Lair:4   | Reached XP level 13. HP: 54/111 MP: 16/16
 20544 | Lair:4   | XOM: give mutations
 20544 | Lair:4   | Lost mutation: Your mind is very acute. (Int +4) [Xom's mischief]
 20544 | Lair:4   | Gained mutation: You are weak. (Str -2) [Xom's mischief]
 20544 | Lair:4   | Lost mutation: Your body sometimes deteriorates upon taking damage. [Xom's mischief]
 20783 | Lair:4   | XOM: stat loss: -1 Str (13/14)
 20883 | Lair:5   | XOM: summons 6 hostile demons
 21287 | Lair:5   | XOM: give mutation
 21287 | Lair:5   | Gained mutation: Your mind is very acute. (Int +4) [Xom's grace]
 21620 | Lair:5   | XOM: give mutations
 21620 | Lair:5   | Gained mutation: You are covered in fur. (AC +1) [Xom's grace]
 21620 | Lair:5   | Gained mutation: You have sharp toenails. [Xom's grace]
 21620 | Lair:5   | Gained mutation: Your flesh is cold resistant. (rC+) [Xom's grace]
 21666 | Lair:5   | Identified a scroll of acquirement
 21677 | Lair:5   | Got a translucent demon trident
 21678 | Lair:5   | Identified the +7 demon trident of Infinite Pain {drain, *Rage rC+++ Int+5} (You acquired it on level 5 of the Lair of Beasts)
 21687 | Lair:5   | Found a staircase to the Slime Pits.
 21924 | Lair:5   | XOM: give mutation
 21924 | Lair:5   | Lost mutation: You have a beak for a mouth. [Xom's grace]
 21924 | Lair:5   | Gained mutation: You have very sharp teeth. [Xom's grace]
 22089 | Lair:5   | XOM: mild Ice miscast
 22291 | Lair:5   | XOM: harmless Hex miscast
 22361 | Lair:5   | XOM: cloud trail
 22582 | Orc:1    | Bought a +2 scale mail of magic resistance for 336 gold pieces
 22597 | Orc:2    | Noticed Sonja
 22603 | Orc:2    | XOM: cast spell 'Leda's Liquefaction'
 22622 | Orc:2    | XOM: mild Air miscast
 22631 | Orc:2    | Noticed Maurice
 22631 | Orc:2    | Noticed an orc warlord
 22640 | Orc:2    | XOM: cast spell 'Summon Small Mammal'
 22641 | Orc:2    | Killed Maurice
 22645 | Orc:2    | XOM: confuse monster(s)
 22740 | Orc:1    | XOM: silly message
 22809 | Orc:1    | XOM: silly message
 23000 | Orc:2    | XOM: harmless Chrm miscast
 23007 | Orc:2    | XOM: god gift: 27 stones {god gift}
 23528 | Orc:2    | Noticed Josephine
 23595 | Orc:2    | XOM: harmless Ice miscast
 23605 | Orc:1    | XOM: divination: magic mapping
 23606 | Orc:1    | Killed Sonja
 24132 | Orc:2    | XOM: polymorph two-headed ogre -> death drake
 24497 | Orc:2    | Killed Josephine
 24574 | Orc:2    | Found Rely's General Store.
 24574 | Orc:2    | Found Emneil's Assorted Antiques.
 24574 | Orc:2    | Found Angic's Assorted Antiques.
 24574 | Orc:2    | Found Fyep Xag's Armour Boutique.
 24574 | Orc:2    | XOM: 10-stop teleportation journey
 24676 | Orc:2    | XOM: enchant monster (good)
 24800 | Orc:2    | XOM: divination: detect creatures
 24811 | Orc:2    | XOM: summons friendly quasit
 25042 | Orc:2    | XOM: god gift: crude platinum amulet {god gift}
 25249 | Orc:2    | Got a crude platinum amulet {god gift}
 25254 | Orc:2    | XOM: polymorph white imp -> iron imp
 25401 | Orc:1    | XOM: scenery: create altars
 25579 | Orc:2    | Reached skill level 10 in Fighting
 25620 | Orc:2    | Bought a scroll of blinking for 202 gold pieces
 25622 | Orc:2    | Bought a sedimented emerald potion for 26 gold pieces
 25632 | Orc:2    | Identified the amulet "Ohoxkas" {god gift, Spirit rN+} (Xom gifted it to you on level 2 of the Orcish Mines)
 25635 | Orc:2    | Bought the cursed +0 pair of gloves of the Saviour {rElec rF- rC+++ rCorr} for 687 gold pieces
 25715 | Orc:2    | XOM: cloud trail
 25728 | Orc:2    | XOM: potion effect (brilliance)
 25732 | Orc:1    | XOM: enchant monster (good)
 25937 | D:11     | XOM: fog
 26004 | D:11     | XOM: mild Pois miscast
 26090 | D:11     | XOM: give mutations
 26090 | D:11     | Lost mutation: Your mind is very acute. (Int +4) [Xom's mischief]
 26090 | D:11     | Lost mutation: Armour fits poorly on your strangely shaped body. [Xom's mischief]
 26090 | D:11     | Gained mutation: Your mind is very acute. (Int +4) [Xom's mischief]
 26090 | D:11     | Gained mutation: You are very weak. (Str -4) [Xom's mischief]
 26139 | D:11     | XOM: mild Chrm miscast
 26228 | D:12     | Found a frozen archway.
 26232 | D:12     | XOM: scenery: create altars
 26249 | IceCv    | Entered an ice cave
 26380 | IceCv    | Found a transporter.
 26398 | IceCv    | XOM: polymorph ufetubus -> white imp
 26407 | IceCv    | XOM: noise
 26418 | IceCv    | XOM: enchant monster (good)
 26502 | IceCv    | XOM: 1-stop teleportation journey
 26884 | D:12     | XOM: scenery: create altars
 26891 | D:12     | XOM: blink monster(s)
 26892 | D:12     | XOM: 5-stop teleportation journey
 26903 | D:12     | XOM: harmless Tloc miscast
 26949 | D:12     | Reached XP level 14. HP: 99/121 MP: 12/17
 26953 | D:11     | Upgraded the game from 0.22-a0-406-g9ff8d77 to 0.22-a0-407-gb098539
 26962 | D:11     | XOM: stat loss: -1 Str (11/12)
 27054 | D:8      | XOM: mild Air miscast
 27055 | D:8      | Bought a scroll of enchant weapon for 97 gold pieces
 27055 | D:8      | Bought a scroll of enchant weapon for 97 gold pieces
 27094 | D:9      | XOM: mild Summ miscast
 27288 | D:12     | XOM: noise
 27472 | D:12     | XOM: enchant monster (bad)
 27489 | D:12     | Got a flickering jade amulet
 27497 | D:12     | Identified the amulet of the Cockroach {Inacc Int+7} (You found it on level 12 of the Dungeon)
 27536 | D:12     | XOM: give mutations
 27536 | D:12     | Lost mutation: You have supernaturally acute eyesight. (SInv) [Xom's mischief]
 27536 | D:12     | Gained mutation: Scrolls take you a little longer to read. [Xom's mischief]
 27536 | D:12     | Lost mutation: You are very weak. (Str -4) [Xom's mischief]
 27536 | D:12     | Lost mutation: You can translocate small distances at will. [Xom's mischief]
 27628 | D:12     | XOM: swap monsters
 27654 | D:12     | XOM: mild Chrm miscast
 28100 | D:12     | Noticed Urug
 28110 | D:12     | Killed Urug
 28183 | D:12     | XOM: stat loss: -1 Int (16/17)
 28421 | D:12     | XOM: chaos upgrade
 28634 | D:12     | Noticed a tengu reaver
 28647 | D:12     | Killed a tengu reaver
 28678 | D:12     | XOM: noise
 28954 | D:13     | Found a labyrinth entrance.
 28956 | D:13     | Paralysed by a wizard for 7 turns
 28958 | D:13     | XOM: cast spell 'Disjunction'
 28986 | Lab      | Entered a labyrinth
 29152 | Lab      | XOM: give mutations
 29152 | Lab      | Lost mutation: Scrolls take you a little longer to read. [Xom's mischief]
 29152 | Lab      | Gained mutation: You do not regenerate when monsters are visible. [Xom's mischief]
 29152 | Lab      | Lost mutation: You do not regenerate when monsters are visible. [Xom's mischief]
 29265 | Lab      | TheNamelessOne: Здоров
 29267 | Lab      | Goblin1989: привет
 29319 | Lab      | TheNamelessOne: осторожней, твой перс дымится
 29322 | Lab      | Goblin1989: ну это можно исправить
 29322 | Lab      | Goblin1989: вот, перестал
 29336 | Lab      | XOM: medium Chrm miscast
 29374 | Lab      | TheNamelessOne: а как?
 29377 | Lab      | Goblin1989: randomtiles
 29394 | Lab      | XOM: harmless Chrm miscast
 29413 | Lab      | TheNamelessOne: через бима?
 29417 | Lab      | Found an exit through the horrors of the Abyss.
 29435 | Lab      | Goblin1989: !rc .
 29435 | Lab      | beem: http://crawl.akrasiac.org/rcfiles/crawl-git/Goblin1989.rc
 29435 | Lab      | Goblin1989: не тот конфиг
 29435 | Lab      | Goblin1989: бим дурак
 29435 | Lab      | Goblin1989: в общем у меня в конфиге настройка есть
 29435 | Lab      | Goblin1989: макрос на + стоит
 29435 | Lab      | Goblin1989: жму + тайл меняется на рандомный
 29550 | Lab      | XOM: harmless Hex miscast
 29565 | Lab      | Got a warped cloak
 29565 | Lab      | Got a crystal shortbow
 29566 | Lab      | TheNamelessOne: понял спс
 29580 | Lab      | Identified the +1 cloak of the Suburbs {Int+6} (You found it in a labyrinth)
 29633 | Lab      | Goblin1989: eeee
 29633 | Lab      | Goblin1989: все что нужно набрал
 29633 | Lab      | Goblin1989: теперь главное не умереть
 29633 | Lab      | TheNamelessOne: а я сколько этой комбо не пробовал, дальше второй руны не дожил
 29633 | Lab      | Goblin1989: !lg . -log
 29633 | Lab      | beem: 2457. Goblin1989, XL21 DsCK, T:55294: https://crawl.xtahua.com/crawl/morgue/Goblin1989/morgue-Goblin1989-20180508-031212.txt
 29633 | Lab      | Goblin1989: я если честно убил этого демонспавна, надоело бегать без mr
 29795 | D:13     | XOM: silly message
 29812 | D:13     | TheNamelessOne: как ты мооог!
 29832 | D:13     | XOM: silly message
 29902 | D:13     | XOM: silly message
 29920 | D:13     | Got a shimmering war axe
 29921 | D:13     | Goblin1989: лень стало играть им
 29926 | D:13     | Identified the +10 war axe "Appiedae" {antimagic, Str+2 Int+4} (You found it on level 13 of the Dungeon)
 29927 | D:13     | TheNamelessOne: одет круто был
 29927 | D:13     | Goblin1989: mr не было
 29927 | D:13     | TheNamelessOne: кроме оружия ну и мр с огнём и холодом
 29927 | D:13     | Goblin1989: пусть теперь дух того перса с свампах народ повеселит
 30080 | D:13     | XOM: silly message
 30103 | D:13     | Got a translucent battleaxe
 30140 | D:13     | Identified the +8 battleaxe of the Fox {freeze, rN++ Dex-5} (You found it on level 13 of the Dungeon)
 30300 | D:13     | XOM: cloud trail
 30406 | D:13     | XOM: harmless Tmut miscast
 30447 | D:14     | TheNamelessOne: да ну тебя, тут плодовитого павермода хватает
 30501 | D:14     | XOM: potion effect (agility)
 30501 | D:14     | TheNamelessOne: вчера 4 его госта встретил
 30516 | D:14     | Goblin1989: ты не застал время когда я только три или четыре победы сделал всего, тут весь данжен был забит моими духами
 30597 | D:14     | XOM: fog
 30600 | D:14     | XOM: divination: detect items
 30602 | D:14     | XOM: silly message
 30701 | D:14     | XOM: harmless Ice miscast
 30865 | D:14     | XOM: enchant monster (good)
 30868 | D:14     | XOM: enchant monster (bad)
 30872 | D:14     | XOM: enchant monster (good)
 30875 | D:14     | XOM: summons friendly iron imp
 30893 | D:14     | XOM: cast spell 'Call Canine Familiar'
 30903 | D:14     | XOM: harmless Ice miscast
 30917 | D:14     | XOM: silly message
 30942 | D:14     | XOM: harmless Erth miscast
 30949 | D:14     | TheNamelessOne: трансмутерами чеи?
 30949 | D:14     | Goblin1989: не, демонспавнами разными
 31109 | D:14     | XOM: mild Air miscast
 31376 | D:14     | Got a crude hand axe
 31383 | D:14     | Identified the cursed +0 hand axe "Ytuciu" {drain, Int+7} (You found it on level 14 of the Dungeon)
 31387 | D:14     | Goblin1989: ммм
 31387 | D:14     | TheNamelessOne: тогда да хватало людям весёлых приключений и радостных встреч
 31387 | D:14     | Goblin1989: +20 интеллекта набрать могу
 31403 | D:14     | TheNamelessOne: игра как бы намекает - надо кастовать
 31420 | D:14     | Reached skill level 10 in Shields
 31428 | D:14     | Goblin1989: мне как бы пофиг - я со старта таббер, уже не перебильдишься
 31450 | D:14     | XOM: summons friendly shadow imp
 31455 | D:14     | XOM: polymorph wizard -> swamp dragon
 31477 | D:14     | Reached skill level 11 in Fighting
 31486 | D:14     | Found a gate to the Vaults.
 31492 | D:14     | XOM: polymorph wizard -> eye of devastation
 31509 | D:14     | XOM: enchant monster (good)
 31982 | D:14     | XOM: summons friendly shadow imp
 31986 | D:14     | XOM: noise
 31987 | D:14     | XOM: confuse monster(s)
 31993 | D:14     | Gained mutation: You are mostly covered in molten scales. (AC +3) [demonic ancestry]
 31993 | D:14     | Reached XP level 15. HP: 108/129 MP: 3/18
 32441 | D:14     | Found a glowing silver altar of Zin.
 32452 | D:14     | TheNamelessOne: если на 15 нацелен то где-нибудь в абиссе можно
 32452 | D:14     | Goblin1989: не, я не такой
 32452 | D:14     | Goblin1989: лан, я тут ненадолго заходил, пора идти
 32452 | D:14     | Goblin1989: удачи
 32493 | D:15     | Entered Level 15 of the Dungeon
 32779 | D:15     | XOM: summons friendly shadow imp
 32783 | D:15     | XOM: enchant monster (good)
 32804 | D:15     | XOM: destruction
 32830 | D:15     | Reached skill level 10 in Armour
 32928 | D:15     | XOM: confuse monster(s)
 33047 | D:15     | XOM: silly message
 33207 | D:15     | XOM: harmless Air miscast
 33225 | D:15     | XOM: mild Chrm miscast
 33472 | D:15     | Found a staircase to the Depths.
 33496 | D:15     | XOM: silly message
 33708 | D:12     | XOM: cloud trail
 33760 | Lair:1   | XOM: divination: magic mapping
 33813 | D:8      | XOM: god gift: scroll of fear {god gift}
 33847 | D:8      | Bought a scroll of enchant weapon for 105 gold pieces
 33923 | D:8      | Bought a scroll of enchant weapon for 180 gold pieces
 34107 | Spider:1 | Entered Level 1 of the Spider Nest
 34183 | Spider:1 | Reached skill level 5 in Dodging
 34344 | Spider:1 | XOM: summons 5 friendly demons
 34348 | Spider:1 | XOM: potion effect (haste)
 34350 | Spider:1 | XOM: divination: detect creatures
 34362 | Spider:1 | XOM: divination: detect creatures
 34389 | Spider:1 | XOM: give mutations
 34389 | Spider:1 | Gained mutation: You are resistant to hostile enchantments. (MR+) [Xom's grace]
 34389 | Spider:1 | Gained mutation: Your system is resistant to poisons. (rPois) [Xom's grace]
 34881 | Spider:1 | XOM: scenery: create altars
 34965 | Lair:3   | XOM: god gift: 17 gold pieces {god gift}
 35043 | D:11     | XOM: god gift: book of Flames {god gift}
 35052 | D:11     | XOM: scenery: 1 doors close
 35226 | Lair:2   | XOM: god gift: distressingly furry chain mail {god gift}
 35227 | Lair:2   | Got a distressingly furry chain mail {god gift}
 35238 | Lair:2   | Identified the +7 chain mail of Isaz {god gift, rElec SInv} (Xom gifted it to you on level 2 of the Lair of Beasts)
 35264 | Lair:2   | XOM: mild Conj miscast
 35590 | Spider:1 | XOM: scenery: create altars
 35636 | Spider:1 | Got a polished chain mail
 35647 | Spider:1 | Identified the +2 chain mail of the Five Deaths {rN+} (You found it on level 1 of the Spider Nest)
 36124 | Spider:1 | XOM: summons 6 hostile demons
 36232 | Spider:1 | XOM: noise
 36248 | Spider:2 | Reached skill level 10 in Crossbows
 36511 | Spider:2 | XOM: harmless Conj miscast
 36589 | Spider:2 | XOM: 4-stop teleportation journey
 36614 | Spider:2 | XOM: swap monsters
 36619 | Spider:2 | XOM: smoke on damage
 36630 | Spider:2 | XOM: mild Pois miscast
 36839 | Spider:2 | XOM: god gift: 37 gold pieces {god gift}
 37083 | Spider:3 | XOM: enchant monster (good)
 37109 | Spider:3 | XOM: noise
 37138 | Spider:3 | XOM: swap monsters
 37149 | Spider:3 | XOM: mild Necr miscast
 37158 | Spider:3 | XOM: 1-stop teleportation journey
 37169 | Spider:3 | Reached skill level 15 in Axes
 37173 | Spider:3 | XOM: scenery: create altars
 37188 | Spider:3 | XOM: summons 3 friendly demons
 37341 | Spider:3 | Reached XP level 16. HP: 77/139 MP: 19/19
 37616 | Spider:3 | XOM: silly message
 37672 | Spider:3 | Upgraded the game from 0.22-a0-407-gb098539 to 0.22-a0-409-gb855193
 37914 | Spider:2 | XOM: god gift: 5 bolts {god gift}
 37923 | Spider:2 | Reached skill level 12 in Fighting
 38229 | Spider:3 | XOM: enchant monster (good)
 38276 | Spider:3 | XOM: harmless Erth miscast
 38607 | Spider:4 | Entered Level 4 of the Spider Nest
 38608 | Spider:4 | XOM: enchant monster (good)
 38619 | Spider:4 | XOM: enchant monster (good)
 38633 | Spider:4 | Noticed Donald
 38634 | Spider:4 | XOM: fog
 38657 | Spider:4 | Noticed Donald
 38657 | Spider:4 | Donald changed into Donald the minotaur
 38657 | Spider:4 | XOM: polymorph Donald -> Donald the minotaur
 38758 | Spider:4 | Banished Donald the minotaur
 38964 | Spider:4 | DEFE: Ты попутал демонспавна и демигода
 38967 | Spider:4 | Goblin1989: aga
 38967 | Spider:4 | Goblin1989: но тайл красивый
 38982 | Spider:4 | DEFE: такой-то ариец
 38983 | Spider:4 | DEFE: о
 38983 | Spider:4 | DEFE: пушка что надо
 38983 | Spider:4 | DEFE: это ксом ее захаосил?
 38983 | Spider:4 | Goblin1989: не
 38983 | Spider:4 | Goblin1989: но мне кажется он приложил к этому свою руку
 38983 | Spider:4 | DEFE: а откуда?
 38983 | Spider:4 | DEFE: свитком?
 38983 | Spider:4 | Goblin1989: да
 38983 | Spider:4 | DEFE: успех
 38983 | Spider:4 | Goblin1989: он вообще обычный попался
 38983 | Spider:4 | Goblin1989: бегу по данжену
 38983 | Spider:4 | Goblin1989: вижу - топор лежит
 38983 | Spider:4 | Goblin1989: оподнял
 38983 | Spider:4 | Goblin1989: гляжу - свиток бренда один есть
 38983 | Spider:4 | Goblin1989: забрендил
 38983 | Spider:4 | Goblin1989: поматерился
 38983 | Spider:4 | Goblin1989: а потом заточил до +9
 39010 | Spider:4 | DEFE: зачем матерится
 39013 | Spider:4 | DEFE: это топовая пушка
 39013 | Spider:4 | Goblin1989: не, мне хаос не нравится
 39013 | Spider:4 | DEFE: лучший вариант одноручного оружия в игре
 39013 | Spider:4 | DEFE: круче только экзек хаоса
 39013 | Spider:4 | Goblin1989: он противников бафает
 39013 | Spider:4 | DEFE: это не важно
 39013 | Spider:4 | DEFE: он их еще и дебаффает
 39013 | Spider:4 | DEFE: и гораздо чаще
 39013 | Spider:4 | DEFE: но главное
 39013 | Spider:4 | DEFE: это тонны веселья
 39013 | Spider:4 | Goblin1989: но иногда по-жопному совсем получается
 39013 | Spider:4 | Goblin1989: вот взял паучка в берсерка ввел мне, а потом его же в гидру превратил мне
 39013 | Spider:4 | DEFE: лол
 39013 | Spider:4 | Goblin1989: хортя в гидру возможно ксом
 39013 | Spider:4 | DEFE: ради этого я и играю в кравл
 39013 | Spider:4 | Goblin1989: ...
 39013 | Spider:4 | Goblin1989: и в итоге я блинк просрал один
 39013 | Spider:4 | Goblin1989: и у меня остался только один
 39013 | Spider:4 | DEFE: у меня был прикол, я хаос демносвордом джагера зерканул
 39013 | Spider:4 | DEFE: Еще можно Церебова удвоить
 39020 | Spider:4 | XOM: mild Conj miscast
 39378 | Spider:4 | XOM: cast spell 'Summon Small Mammal'
 39490 | Spider:4 | XOM: divination: magic mapping
 39615 | Spider:4 | XOM: noise
 39646 | Spider:4 | XOM: 1-stop teleportation journey
 39649 | Spider:4 | XOM: potion effect (curing)
 39691 | Spider:4 | XOM: mild Conj miscast
 40223 | Spider:4 | XOM: harmless Fire miscast
 40242 | Spider:4 | XOM: harmless Tmut miscast
 40451 | Spider:4 | XOM: polymorph redback -> glowing orange brain
 40580 | Spider:4 | XOM: fake destruction
 40603 | Spider:4 | XOM: enchant monster (bad)
 40605 | Spider:4 | XOM: enchant monster (bad)
 40613 | Spider:4 | XOM: medium Air miscast
 40645 | Spider:4 | XOM: give mutation
 40645 | Spider:4 | Gained mutation: You are clumsy. (Dex -2) [Xom's mischief]
 40672 | Spider:4 | XOM: enchant monster (bad)
 40942 | Spider:4 | XOM: torment (80/141 hp)
 41189 | Spider:4 | XOM: medium Chrm miscast
 41607 | Spider:4 | Got a gossamer rune of Zot
 41935 | Orc:2    | XOM: chaos cloud
 41948 | Orc:2    | Paralysed by you for 7 turns
 41956 | Orc:2    | Gained mutation: You are completely covered in molten scales. (AC +4, rF+) [demonic ancestry]
 41956 | Orc:2    | Reached XP level 17. HP: 83/148 MP: 14/20
 41960 | Orc:2    | XOM: chaos cloud
 41967 | Orc:1    | XOM: give mutations
 41967 | Orc:1    | Lost mutation: You have sharp toenails. [Xom's mischief]
 41967 | Orc:1    | Lost mutation: You are weak. (Str -2) [Xom's mischief]
 42098 | Orc:1    | XOM: summons 1 hostile shadow creature
 42359 | Orc:2    | XOM: noise
 42558 | Elf:1    | Entered Level 1 of the Elven Halls
 42561 | Elf:1    | XOM: chaos upgrade
 42572 | Elf:1    | XOM: harmless Tmut miscast
 42732 | Elf:1    | Found an ancient bone altar of Kikubaaqudgha.
 42761 | Elf:1    | XOM: enchant monster (good)
 42764 | Elf:1    | XOM: potion effect (invisibility)
 43120 | Elf:1    | XOM: chaos upgrade
 43122 | Elf:1    | Reached skill level 13 in Fighting
 43199 | Elf:1    | Noticed Frances
 43205 | Elf:1    | Noticed Frances
 43205 | Elf:1    | Frances changed into Frances the storm dragon
 43205 | Elf:1    | XOM: polymorph Frances -> Frances the storm dragon
 43224 | Elf:1    | Killed Frances the storm dragon
 43314 | Elf:1    | XOM: 1-stop teleportation journey
 43575 | Elf:1    | XOM: divination: detect items
 43577 | Elf:1    | XOM: 2-stop teleportation journey
 43762 | Elf:1    | XOM: polymorph deep elf mage -> jumping spider
 44357 | Elf:1    | Found Otacuxt's Jewellery Shoppe.
 44357 | Elf:1    | Found Otaesm's Gadget Shop.
 44358 | Elf:1    | Found Kaluhati's Gadget Shop.
 44802 | Vaults:1 | Entered Level 1 of the Vaults
 44824 | Vaults:1 | XOM: polymorph harpy -> rime drake
 44830 | Vaults:1 | XOM: 1-stop teleportation journey
 44972 | Vaults:1 | XOM: enchant monster (good)
 44981 | Vaults:1 | Noticed a tentacled monstrosity
 45503 | Elf:2    | Noticed Agnes
 45524 | Elf:2    | Cast into level 2 of the Abyss (Agnes)
 45602 | Abyss:2  | Found a corrupted altar of Lugonu.
 45745 | Abyss:2  | XOM: give mutations
 45745 | Abyss:2  | Gained mutation: You have large cloven feet. [Xom's grace]
 45745 | Abyss:2  | Gained mutation: You have hoof-like feet. [Xom's grace]
 45745 | Abyss:2  | Gained mutation: Your skin changes colour to match your surroundings (Stealth+). [Xom's grace]
 45745 | Abyss:2  | Gained mutation: You are somewhat resistant to further mutation. [Xom's grace]
 45788 | Abyss:2  | XOM: give mutation
 45788 | Abyss:2  | Gained mutation: You have extremely sharp teeth. [Xom's grace]
 45813 | Abyss:2  | XOM: scenery: create altars
 45880 | Abyss:2  | Found a shimmering altar of Xom.
 45935 | Abyss:2  | Found a shimmering altar of Xom.
 45977 | Abyss:2  | XOM: confuse monster(s)
 46012 | Abyss:2  | XOM: mild Summ miscast
 46028 | Abyss:2  | Found a shimmering altar of Xom.
 46080 | Abyss:2  | Found a shimmering altar of Xom.
 46080 | Abyss:2  | Found a shimmering altar of Xom.
 46091 | Abyss:2  | Noticed a lich
 46095 | Abyss:2  | XOM: summons friendly quasit
 46096 | Abyss:2  | Noticed a lich
 46101 | Abyss:2  | Killed a lich
 46127 | Abyss:2  | XOM: blink monster(s)
 46384 | Elf:2    | Escaped the Abyss
 46674 | Elf:2    | XOM: give mutations
 46674 | Elf:2    | Lost mutation: Your system is resistant to poisons. (rPois) [Xom's mischief]
 46674 | Elf:2    | Lost mutation: You are resistant to hostile enchantments. (MR+) [Xom's mischief]
 46674 | Elf:2    | Gained mutation: You are weak. (Str -2) [Xom's mischief]
 46674 | Elf:2    | Lost mutation: Your flesh is cold resistant. (rC+) [Xom's mischief]
 46892 | Elf:2    | XOM: give mutation
 46892 | Elf:2    | Gained mutation: You are very robust. (+20% HP) [Xom's mischief]
 47130 | Elf:2    | Found a runed gate.
 47130 | Elf:2    | Found a runed gate.
 47130 | Elf:2    | Found a runed gate.
 47189 | Elf:2    | XOM: enchant monster (bad)
 47200 | Elf:2    | XOM: chaos upgrade
 47543 | Elf:2    | XOM: mild Pois miscast
 47707 | Elf:2    | XOM: harmless Pois miscast
 47831 | Elf:2    | XOM: god gift: potion of curing {god gift}
 47997 | Elf:2    | XOM: fake destruction
 48000 | Elf:2    | Gained mutation: Your flesh is heat resistant. (rF+) [demonic ancestry]
 48000 | Elf:2    | Reached XP level 18. HP: 174/174 MP: 21/21
 48003 | Elf:2    | Found Sommatie's General Store.
 48298 | Elf:2    | Noticed Agnes
 48298 | Elf:2    | Agnes changed into Agnes the spark wasp
 48298 | Elf:2    | XOM: polymorph Agnes -> Agnes the spark wasp
 48309 | Elf:2    | Killed Agnes the spark wasp
 48315 | Elf:2    | XOM: mild Ice miscast
 48320 | Elf:2    | XOM: noise
 48434 | Elf:2    | XOM: harmless Necr miscast
 48480 | Elf:2    | XOM: chaos upgrade
 48495 | Elf:2    | XOM: enchant monster (good)
 48564 | Elf:2    | XOM: divination: magic mapping
 48788 | Elf:2    | XOM: mild Tmut miscast
 49143 | Vaults:1 | XOM: cloud trail
 49295 | Vaults:1 | XOM: noise
 49342 | Vaults:1 | XOM: mild Erth miscast
 49398 | Vaults:1 | Reached skill level 14 in Fighting
 49412 | Vaults:1 | Reached skill level 10 in Dodging
 49600 | Vaults:1 | XOM: cast spell 'Summon Mana Viper'
 49609 | Vaults:1 | Killed a tentacled monstrosity
 49838 | Vaults:1 | XOM: cast spell 'Summon Butterflies'
 49842 | Vaults:1 | XOM: mild Tloc miscast
 49843 | Vaults:1 | XOM: enchant monster (bad)
 49861 | Vaults:1 | XOM: swap monsters
 49981 | Vaults:1 | XOM: enchant monster (bad)
 50248 | Vaults:1 | XOM: scenery: 2 doors close
 50421 | Vaults:1 | Noticed Asterion
 50427 | Vaults:1 | XOM: polymorph iron imp -> quasit
 50434 | Vaults:1 | XOM: give mutation
 50434 | Vaults:1 | Gained mutation: You expend magic power (3 MP) to strengthen your wands. [Xom's grace]
 50445 | Vaults:1 | Killed Asterion
 50780 | Swamp:1  | Entered Level 1 of the Swamp
 50833 | Swamp:1  | XOM: divination: magic mapping
 50920 | Swamp:1  | XOM: potion effect (invisibility)
 51001 | Swamp:1  | XOM: give mutation
 51001 | Swamp:1  | Lost mutation: You are somewhat resistant to further mutation. [Xom's grace]
 51001 | Swamp:1  | Gained mutation: You evolve. [Xom's grace]
 51255 | Swamp:1  | Noticed Nikola
 51256 | Swamp:1  | XOM: enchant monster (good)
 51277 | Swamp:1  | Killed Nikola
 51278 | Swamp:1  | XOM: 3-stop teleportation journey
 51555 | Swamp:1  | XOM: stat loss: -1 Dex (12/13)
 51716 | Swamp:1  | XOM: smoke on damage
 51902 | Swamp:2  | XOM: summons friendly ufetubus
 52228 | Swamp:2  | XOM: divination: magic mapping
 52245 | Swamp:2  | Noticed Roxanne
 52382 | Swamp:2  | XOM: give mutations
 52382 | Swamp:2  | Lost mutation: You expend magic power (3 MP) to strengthen your wands. [Xom's mischief]
 52382 | Swamp:2  | Lost mutation: You are very robust. (+20% HP) [Xom's mischief]
 52382 | Swamp:2  | Lost mutation: You possess an exceptional clarity of mind. [Xom's mischief]
 52461 | Swamp:2  | XOM: noise
 53008 | Swamp:2  | XOM: medium Chrm miscast
 53020 | Swamp:2  | XOM: summons 9 hostile demons
 53134 | Swamp:2  | XOM: give mutations
 53134 | Swamp:2  | Lost mutation: You are clumsy. (Dex -2) [Xom's mischief]
 53134 | Swamp:2  | Lost mutation: Your mind is very acute. (Int +4) [Xom's mischief]
 53165 | Swamp:2  | XOM: swap monsters
 53178 | Swamp:2  | XOM: summons 9 hostile demons
 53655 | Swamp:3  | XOM: severe Tmut miscast
 53655 | Swamp:3  | Lost mutation: You are weak. (Str -2) [the severe capriciousness of Xom]
 53868 | Swamp:3  | XOM: summons 4 hostile shadow creatures
 54053 | Swamp:3  | Gained mutation: A demonic guardian rushes to your aid. [demonic ancestry]
 54053 | Swamp:3  | Reached XP level 19. HP: 157/168 MP: 22/22
 54212 | Swamp:3  | XOM: give mutations
 54212 | Swamp:3  | Lost mutation: Your skin changes colour to match your surroundings (Stealth+). [Xom's mischief]
 54212 | Swamp:3  | Gained mutation: Scrolls take you a little longer to read. [Xom's mischief]
 54536 | Swamp:3  | Found a shimmering altar of Xom.
 54577 | Swamp:3  | XOM: summons 4 hostile shadow creatures
 54579 | Swamp:3  | XOM: mild Tloc miscast
 54955 | Swamp:4  | Entered Level 4 of the Swamp
 54987 | Swamp:4  | XOM: summons 2 hostile demons
 54994 | Swamp:4  | XOM: enchant monster (bad)
 54996 | Swamp:4  | XOM: swap monsters
 55080 | Swamp:4  | XOM: 1-stop teleportation journey
 55265 | Swamp:4  | XOM: give mutations
 55265 | Swamp:4  | Lost mutation: You are robust. (+10% HP) [Xom's mischief]
 55265 | Swamp:4  | Lost mutation: You evolve. [Xom's mischief]
 55265 | Swamp:4  | Gained mutation: You are frail. (-10% HP) [Xom's mischief]
 55265 | Swamp:4  | Gained mutation: Your flesh is very heat resistant. (rF++) [Xom's mischief]
 55312 | Swamp:4  | XOM: confusion
 55318 | Swamp:4  | XOM: summons 3 hostile demons
 55319 | Swamp:4  | XOM: summons 2 friendly demons
 55480 | Swamp:4  | XOM: polymorph spiny frog -> tarantella
 55485 | Swamp:4  | XOM: swap monsters
 55503 | Swamp:4  | XOM: smoke on damage
 55504 | Swamp:4  | XOM: enchant monster (bad)
 55521 | Swamp:4  | XOM: harmless Tloc miscast
 55524 | Swamp:4  | XOM: enchant monster (bad)
 55526 | Swamp:4  | Reached skill level 15 in Fighting
 55898 | Swamp:4  | XOM: summons 6 hostile demons
 56257 | Swamp:4  | XOM: harmless Tmut miscast
 56358 | Swamp:4  | XOM: stat loss: -1 Str (18/19)
 56454 | Swamp:4  | XOM: noise
 56826 | Swamp:4  | Upgraded the game from 0.22-a0-409-gb855193 to 0.22-a0-410-g97be04f
 56886 | Swamp:4  | XOM: give mutation
 56886 | Swamp:4  | Lost mutation: You have extremely sharp teeth. [Xom's mischief]
 56948 | Swamp:4  | Got a decaying rune of Zot
 56985 | Swamp:4  | XOM: give mutations
 56985 | Swamp:4  | Gained mutation: Scrolls take you longer to read. [Xom's mischief]
 56985 | Swamp:4  | Gained mutation: You are very frail. (-20% HP) [Xom's mischief]
 56985 | Swamp:4  | Lost mutation: Your flesh is very heat resistant. (rF++) [Xom's mischief]
 57099 | Lair:1   | XOM: give mutations
 57099 | Lair:1   | Gained mutation: You tend to lose your temper in combat. [Xom's mischief]
 57099 | Lair:1   | Lost mutation: Your mind is acute. (Int +2) [Xom's mischief]
 57192 | Lair:6   | Entered Level 6 of the Lair of Beasts
 57225 | Lair:6   | Got an ichor-stained scythe
 57477 | Lair:6   | XOM: harmless Tloc miscast
 57575 | Lair:6   | XOM: harmless Hex miscast
 57576 | Lair:6   | XOM: noise
 57664 | Lair:6   | XOM: polymorph merfolk avatar -> ice dragon
 57665 | Lair:6   | XOM: enchant monster (bad)
 57667 | Lair:6   | XOM: give mutation
 57667 | Lair:6   | Gained mutation: You are extremely frail. (-30% HP) [Xom's mischief]
 57991 | Lair:6   | XOM: enchant monster (bad)
 58217 | Lair:6   | XOM: smoke on damage
 58675 | Lair:1   | XOM: give mutation
 58675 | Lair:1   | Gained mutation: Your body sometimes deteriorates upon taking damage. [Xom's mischief]
 59282 | Vaults:2 | XOM: polymorph ice devil -> rust devil
 59352 | Vaults:2 | XOM: silly message
 59396 | Vaults:2 | Got an ancient hand axe
 59404 | Vaults:2 | Identified the +8 hand axe "Wauc" {chop, Str-4 Int+2 Stlth+} (You found it on level 2 of the Vaults)
 59415 | Vaults:2 | XOM: confusion (+ monsters)
 59435 | Vaults:2 | XOM: polymorph smoke demon -> neqoxec
 59446 | Vaults:2 | XOM: swap monsters
 59697 | Vaults:2 | XOM: summons 1 hostile shadow creature
 59873 | Vaults:2 | Reached skill level 16 in Fighting
 60079 | Vaults:2 | Found Ammeampi's Distillery.
 60163 | Vaults:2 | XOM: fog
 60216 | Vaults:2 | XOM: give mutation
 60216 | Vaults:2 | Lost mutation: You tend to lose your temper in combat. [Xom's mischief]
 60362 | Vaults:2 | Reached XP level 20. HP: 54/114 MP: 12/23
 60425 | Vaults:2 | XOM: harmless Fire miscast
 60494 | Vaults:2 | XOM: mild Ice miscast
 60693 | Vaults:2 | Noticed Saint Roka
 60697 | Vaults:2 | XOM: divine lightning
 60715 | Vaults:2 | XOM: repel stairs
 60724 | Vaults:2 | Killed Saint Roka
 60930 | Vaults:2 | XOM: cloud trail
 61058 | Vaults:2 | Noticed an ancient lich
 61059 | Vaults:2 | XOM: fog
 61063 | Vaults:2 | XOM: confuse monster(s)
 61074 | Vaults:2 | Killed an ancient lich
 61074 | Vaults:2 | Reached skill level 15 in Shields
 61199 | Vaults:2 | Found a staircase to the Crypt.
 61315 | Vaults:3 | XOM: noise
 61486 | Vaults:2 | XOM: draining
 61691 | Vaults:3 | XOM: blink monster(s)
 61770 | Vaults:2 | XOM: harmless Tmut miscast
 61988 | Vaults:3 | XOM: harmless Summ miscast
 62570 | Vaults:3 | XOM: divination: detect creatures
 62571 | Vaults:3 | XOM: chaos upgrade
 62573 | Vaults:3 | XOM: cleaving
 62741 | Vaults:3 | XOM: blink monster(s)
 62746 | Vaults:3 | XOM: summons friendly crimson imp
 62749 | Vaults:3 | XOM: swap monsters
 62758 | Vaults:3 | XOM: cleaving
 62987 | Vaults:3 | XOM: harmless Pois miscast
 63248 | Vaults:3 | XOM: divination: detect items
 63251 | Vaults:3 | Reached skill level 17 in Fighting
 63581 | Vaults:3 | XOM: harmless Hex miscast
 63622 | Vaults:3 | XOM: medium Air miscast
 63734 | Vaults:3 | XOM: cloud trail
 63981 | Vaults:3 | XOM: god gift: robe {god gift}
 64049 | Vaults:4 | Found Gooff's Gadget Shop.
 64113 | Vaults:4 | XOM: cloud trail
 64304 | Vaults:4 | XOM: give mutation
 64304 | Vaults:4 | Lost mutation: You are extremely frail. (-30% HP) [Xom's mischief]
 64403 | Vaults:4 | XOM: god gift: 18 bolts {god gift}
 64571 | Vaults:4 | XOM: destruction
 64578 | Vaults:4 | XOM: enchant monster (good)
 64582 | Vaults:4 | XOM: cast spell 'Discord'
 64589 | Vaults:4 | XOM: scenery: 1 doors close
 64617 | Vaults:4 | XOM: divine lightning
 64619 | Vaults:4 | XOM: 8-stop teleportation journey
 64662 | Vaults:4 | XOM: potion effect (curing)
 64795 | Vaults:4 | XOM: confuse monster(s)
 64804 | Vaults:4 | XOM: smoke on damage
 65115 | Vaults:4 | XOM: cast spell 'Disjunction'
 65193 | Vaults:4 | XOM: summons 3 friendly demons
 65333 | Vaults:4 | Gained mutation: A powerful demonic guardian rushes to your aid. [demonic ancestry]
 65333 | Vaults:4 | Reached XP level 21. HP: 140/140 MP: 24/24
 65602 | Vaults:4 | XOM: god gift: scroll of teleportation {god gift}
 65683 | Vaults:4 | XOM: harmless Fire miscast
 66105 | Vaults:4 | Reached skill level 18 in Fighting
 66170 | Vaults:4 | XOM: scenery: 1 doors close
 66763 | Elf:3    | Entered Level 3 of the Elven Halls
 66799 | Elf:3    | Found a flickering gateway to a bazaar.
 66807 | Bazaar   | Entered a bazaar
 66807 | Bazaar   | Found Rulaff's Food Shop.
 66807 | Bazaar   | Found Nieval's General Store.
 66807 | Bazaar   | Found Hitamih's Armour Boutique.
 66807 | Bazaar   | Found Nirr's Gadget Shop.
 66837 | Bazaar   | Bought a +0 pair of boots of running for 315 gold pieces
 66851 | Bazaar   | Bought the +3 hand crossbow of Indomitability {penet, +Inv rF+ Int+2 Stlth+} for 568 gold pieces
 66851 | Bazaar   | Bought a +6 broad axe of electrocution for 462 gold pieces
 66851 | Bazaar   | Bought a wand of iceblast (10) for 154 gold pieces
 66853 | Bazaar   | Bought a wand of iceblast (9) for 130 gold pieces
 66990 | Elf:3    | Reached skill level 15 in Dodging
 66990 | Elf:3    | XOM: mild Conj miscast
 67010 | Elf:3    | XOM: potion effect (brilliance)
 67158 | Elf:2    | XOM: divination: detect creatures
 67421 | Elf:3    | XOM: confusion (+ monsters)
 67457 | Elf:3    | XOM: divination: detect creatures
 67463 | Elf:3    | XOM: cast spell 'Leda's Liquefaction'
 67466 | Elf:3    | XOM: confuse monster(s)
 67501 | Elf:3    | XOM: give mutations
 67501 | Elf:3    | Lost mutation: Your body sometimes deteriorates upon taking damage. [Xom's mischief]
 67501 | Elf:3    | Lost mutation: Scrolls take you longer to read. [Xom's mischief]
 67501 | Elf:3    | Gained mutation: Your flesh is cold resistant. (rC+) [Xom's mischief]
 67929 | Elf:3    | XOM: summons 2 hostile shadow creatures
 68021 | Elf:3    | XOM: blink monster(s)
 68052 | Elf:3    | XOM: potion effect (invisibility)
 68075 | Elf:3    | XOM: divination: detect creatures
 68101 | Elf:3    | XOM: potion effect (curing)
 68106 | Elf:3    | XOM: summons friendly shadow imp
 68406 | Elf:3    | XOM: potion effect (agility)
 68504 | Elf:3    | XOM: cast spell 'Call Canine Familiar'
 68510 | Elf:3    | Reached skill level 19 in Fighting
 68604 | Elf:3    | XOM: harmless Tloc miscast
 68765 | Elf:3    | Got a scintillating brass ring
 68853 | Elf:3    | XOM: swap monsters
 68856 | Elf:3    | XOM: divination: detect creatures
 68857 | Elf:3    | XOM: confusion (+ monsters)
 68876 | Elf:3    | Got a steaming double sword {vamp}
 68937 | Elf:3    | Got an ancient pewter amulet
 68939 | Elf:3    | Got an ichor-stained ring mail
 68951 | Elf:3    | Identified the amulet "Okiloam" {Acrobat *Slow rPois rN++ Str+2} (You found it on level 3 of the Elven Halls)
 68953 | Elf:3    | Identified the ring of Departure {Ice Dex+5} (You took it off a deep elf archer on level 3 of the Elven Halls)
 68955 | Elf:3    | Identified the +0 ring mail of Tulips {Int+5 Slay+3} (You found it on level 3 of the Elven Halls)
 68960 | Elf:3    | Got a polished hand axe
 68961 | Elf:3    | Identified the +11 hand axe "Gistrod" {pain, Dex+4} (You found it on level 3 of the Elven Halls)
 69689 | D:13     | XOM: cloud trail
 69763 | Depths:1 | Entered Level 1 of the Depths
 69763 | Depths:1 | Noticed Jorgrun
 69773 | Depths:1 | Killed Jorgrun
 70031 | Depths:1 | XOM: 3-stop teleportation journey
 70038 | Depths:1 | XOM: harmless Conj miscast
 70066 | Depths:1 | XOM: enchant monster (good)
 70103 | Depths:1 | XOM: noise
 70437 | Depths:1 | Noticed Mara
 70440 | Depths:1 | XOM: cleaving
 70443 | Depths:1 | Noticed Goblin1989's illusion
 70450 | Depths:1 | Killed Mara
 70450 | Depths:1 | Gained mutation: You are immune to clouds of flame. [demonic ancestry]
 70450 | Depths:1 | Reached XP level 22. HP: 116/150 MP: 20/25
 70526 | Depths:1 | XOM: give mutations
 70526 | Depths:1 | Lost mutation: Scrolls take you a little longer to read. [Xom's mischief]
 70526 | Depths:1 | Gained mutation: You are dopey. (Int -2) [Xom's mischief]
 70526 | Depths:1 | Lost mutation: You are dopey. (Int -2) [Xom's mischief]
 70632 | Depths:1 | XOM: medium Fire miscast
 70677 | Depths:1 | XOM: give mutations
 70677 | Depths:1 | Gained mutation: You occasionally shout uncontrollably at your foes. [Xom's mischief]
 70677 | Depths:1 | Gained mutation: You are clumsy. (Dex -2) [Xom's mischief]
 70677 | Depths:1 | Gained mutation: You are dopey. (Int -2) [Xom's mischief]
 70808 | Depths:1 | Demolished by an ettin

Vault maps used:
D:1:      moated_graveyard_arrival, minivault_25, minmay_shallow_snake_nest
D:2:      uniq_crazy_yiuf_cottage, uniq_robin
D:3:      tgw_sif, hangedman_decor_push, kennysheep_generic_room_9
D:4:      marbit_many_paths, gammafunk_temple_overflow_statue, temple_doors_cd
D:5:      kb_xom_exploding_sheep, first_ration
D:6:      fedhas_altar_3, gup_sewer_entry_pipe, enter_ossuary_4,
          hangedman_decor_growths, uniq_duvessa
D:7:      evilmike_ruin_ashenzari, serial_bayou, serial_bayou_pond_b,
          serial_bayou_shore_b, serial_bayou_ford_a, serial_bayou_lake_a,
          grunt_ogre_cave
D:8:      serial_shops, nicolae_shop_stone,
          nicolae_shop_temple_entry_statues_fountains, nicolae_shop_crystal,
          nicolae_shop_trees, minivault_19, uniq_psyche
D:9:      erik_lair_orcish_takeover
D:10:     orc_david_3
D:11:     kennysheep_cross_bottleneck, kennysheep_flooded_box
D:12:     minmay_textured_paths, portal_ice_cave_entry_imps, uniq_urug
D:13:     lab_entry_generic, minivault_26
D:14:     grunt_vaults_entry_tiered, lemuel_round_altar
D:15:     grunt_enter_depths_magical_seal, skrybe_limestone_x
Lair:1:   uniq_nergalle
Lair:2:   minivault_19, serial_bayou_shore_b, minmay_lair_oklob_chamber
Lair:3:   serial_bayou_shore_b, uniq_rupert
Lair:4:   minmay_swamp_entry_worms, spider_nest_entry_funnel_web, basic_altar,
          special_room
Lair:5:   nicolae_slime_entry_slimehenge, st_stairs_5,
          nicolae_quartered_pool_super
Lair:6:   gammafunk_lair_ancient_temple, minivault_26
Swamp:1:  evilmike_swamp_ruin_house_3, swamp_pool5, uniq_nikola
Swamp:2:  nicolae_swamp_phyte_club, evilmike_swamp_ruin_wall, swamp_pool2,
          statue_in_the_mist_lemuel, uniq_roxanne
Swamp:3:  nicolae_swamp_feature_on_the_river_bank
Swamp:4:  swamp_basic_johnstein, swamp_pool1, hangedman_swamp_blocks
Spider:1: guppyfry_spider_mini_2
Spider:2: spider_trap, nicolae_spider_nook
Spider:4: grunt_spider_rune_circles, spiders_nest_hornet_nest, uniq_donald
Orc:1:    serial_shops, shop, uniq_erica
Orc:2:    st_orc_ogre_mass, serial_shops, bzr_entry_gold, mines3_lemuel,
          uniq_sonja, uniq_josephine, uniq_maurice
Elf:1:    eino_elf_arrival_the_gate, basic_altar, minmay_elf_crystal_heptagon,
          palyth_stone_intersect, grunt_ministairs_4, minmay_shop_grove,
          uniq_frances
Elf:2:    serial_shops, nicolae_shop_window_shopping, uniq_agnes
Elf:3:    minmay_elf_hall_four_x, serial_shops, bzr_in_the_mist, nrook_uturn,
          kb_rosetta
Vaults:1: nicolae_vaults_little_squares_1, v_misc_26, nicolae_vaults_octagons,
          vaults_room_pools, v_rooms_6, v_misc_32, vaults_room_corners,
          hangedman_vaults_nodes, vaults_room_door_hall, vaults_mumra_lcd,
          vaults_room_stairs_pillars, nicolae_vaults_asterisk, uniq_asterion
Vaults:2: vaults_room_grid, nicolae_vaults_stairing_the_circle,
          ontoclasm_vaults_spin, v_pattern_3, nicolae_vaults_twisting_passages,
          minmay_crypt_entry_simple_box, vaults_room_pools,
          hangedman_vaults_slice, serial_shops, shop, uniq_saint_roka
Vaults:3: v_rooms_5, hangedman_vaults_restitches, hangedman_vaults_river_flow,
          nicolae_vaults_hallways_thing, vaults_room_fours,
          hangedman_vaults_nails, nicolae_vaults_asterisk
Vaults:4: hangedman_vaults_trim, v_misc_22, v_pattern_2,
          hangedman_vaults_cutoff, nicolae_vaults_little_squares_6, v_misc_15,
          grunt_vaults_bifocal, nicolae_vaults_shelves_hall,
          nicolae_vaults_little_squares_2, v_misc_4,
          nicolae_vaults_windows_and_doors_thing, hangedman_vaults_maws,
          vaults_mumra_chevron, vaults_room_hallway, vaults_room_hallway,
          serial_shops, shop
Depths:1: rand_demon_pan_entry_4, grunt_hell_entry_dis_grunt, minmay_hedge_maze,
          minmay_misc_feat_enclosed, lightli_church_of_beogh, uniq_mara,
          uniq_jorgrun
Abyss:2:  evilmike_abyss_exit_smiterflies
Lab:      labyrinth_fake_exit, labyrinth_skeletal_remains, nicolae_lab_quarters,
          lab_fountain, lab_statue, nicolae_lab_big_swirl
Bazaar:   bazaar_minmay_trees
Sewer:    sewer_minmay_treatment
Ossuary:  ossuary_tomb_2
IceCv:    ice_cave_statue_garden_teleport

Skill      XL: |  1  2  3  4  5  6  7  8  9 10 11 12 13 14 15 16 17 18 19 20 21 |
---------------+----------------------------------------------------------------+-----
Axes           | 3 4 5 6 7 8 9 10 12 13 14 15 16 17 18 | 18.0
Shields        | 1 2 3 4 5 6 7 8 9 10 11 12 13 14 15 | 15.0
Dodging        | 1 2 3 4 6 7 9 11 12 14 16 | 16.5
Armour         | 2 3 4 5 6 7 8 9 10 11 | 11.0
Crossbows      | 1 2 4 5 6 7 8 9 10 | 10.0
Fighting       | 4 5 6 7 9 10 11 12 13 14 16 17 19 | 19.5
Evocations     | 3 4 5 |  5.0

Action                   |  1- 3 |  4- 6 |  7- 9 | 10-12 | 13-15 | 16-18 | 19-21 | 22-24 || total
-------------------------+-------+-------+-------+-------+-------+-------+-------+-------++-------
Melee: Hand axe          |   101 |   141 |   339 |     4 |       |       |       |       ||   585
       Dagger            |     4 |       |       |       |       |       |       |       ||     4
       Peck              |       |     9 |    88 |   139 |    16 |       |       |       ||   252
       Rapier            |       |       |    21 |       |       |       |       |       ||    21
       War axe           |       |       |   126 |   670 |   752 |       |       |       ||  1548
       Scimitar          |       |       |       |    22 |    10 |     7 |       |       ||    39
       Bite              |       |       |       |       |   173 |   216 |   234 |     4 ||   627
       Broad axe         |       |       |       |       |   630 |  2049 |  1917 |    23 ||  4619
       Battleaxe         |       |       |       |       |     3 |       |       |       ||     3
 Fire: Hand crossbow     |       |       |     5 |    23 |    38 |    30 |    20 |       ||   116
Throw: Throwing net      |       |       |       |       |     1 |       |       |       ||     1
Evoke: Wand              |       |       |    11 |    12 |     1 |     7 |     3 |       ||    34
       Phantom mirror    |       |       |       |       |     1 |       |       |       ||     1
       Phial of floods   |       |       |       |       |       |     1 |       |       ||     1
  Use: Scroll            |     1 |     7 |    11 |     5 |    29 |    15 |    20 |       ||    88
       Potion            |       |       |     6 |     8 |     8 |    11 |     4 |     1 ||    38
 Stab: Confused          |     3 |       |     2 |     3 |    13 |     9 |    15 |     1 ||    46
       Paralysed         |     2 |       |     2 |       |    14 |    26 |    17 |       ||    61
       Invisible         |       |       |     8 |     9 |     5 |    13 |     2 |       ||    37
       Petrified         |       |       |     4 |     1 |     2 |     6 |    10 |       ||    23
       Distracted        |       |       |       |     6 |    13 |    17 |     4 |       ||    40
       Petrifying        |       |       |       |       |     4 |     3 |    14 |       ||    21
  Eat: Chunk             |     2 |     4 |    10 |    36 |    33 |    25 |    32 |       ||   142
       Ration            |       |     1 |     3 |     6 |     6 |     9 |     7 |       ||    32
Armor: Leather armour    |    48 |    29 |       |       |       |       |       |       ||    77
       Scale mail        |       |    28 |   171 |   169 |    86 |       |       |       ||   454
       Chain mail        |       |       |       |   135 |   625 |   954 |   669 |     3 ||  2386
       Skin              |       |       |       |       |       |    12 |       |       ||    12
Dodge: Dodged            |    62 |    50 |   189 |   197 |   382 |   607 |   681 |     5 ||  2173
Block: Buckler           |     5 |    32 |    82 |       |       |       |       |       ||   119
       Shield            |       |       |   146 |   435 |   973 |  1314 |  1117 |    16 ||  4001
       Reflection        |       |       |     6 |     8 |    30 |    35 |    77 |     2 ||   158
       Rpst.: Scimitar   |       |       |       |     2 |       |       |       |       ||     2

Table legend:
 A = Spawn XP
 B = Non-spawn XP
 C = Spawn XP percentage of total XP
 D = Spawn monster count
 E = Non-spawn monster count
 F = Spawn count percentage of total count
 G = Total turns spent on level
                    A         B        C        D         E        F      G
               +---------+---------+-------+---------+---------+-------+---------
         Total |   11342 |  701890 |   1.6 |      33 |    1796 |   1.8 | 70808
               +---------+---------+-------+---------+---------+-------+---------
           D:1 |       0 |      45 |   0.0 |       0 |      25 |   0.0 |  1200
           D:2 |       0 |     111 |   0.0 |       0 |      32 |   0.0 |  1075
           D:3 |       0 |     157 |   0.0 |       0 |      20 |   0.0 |  1096
           D:4 |       0 |     196 |   0.0 |       0 |      14 |   0.0 |  1340
           D:5 |       0 |     589 |   0.0 |       0 |      23 |   0.0 |   990
           D:6 |       0 |     422 |   0.0 |       0 |      16 |   0.0 |  1078
           D:7 |       0 |    2056 |   0.0 |       0 |      42 |   0.0 |  1718
           D:8 |       0 |    2780 |   0.0 |       0 |      29 |   0.0 |  2200
           D:9 |       0 |    2136 |   0.0 |       0 |      27 |   0.0 |  1863
          D:10 |       0 |    1995 |   0.0 |       0 |      21 |   0.0 |  1330
          D:11 |       0 |    3025 |   0.0 |       0 |      23 |   0.0 |  1752
          D:12 |       0 |   14360 |   0.0 |       0 |      57 |   0.0 |  1837
          D:13 |       0 |    4005 |   0.0 |       0 |      24 |   0.0 |  1028
          D:14 |       0 |   20266 |   0.0 |       0 |      62 |   0.0 |  2388
          D:15 |       0 |    9832 |   0.0 |       0 |      19 |   0.0 |  1495
        Lair:1 |       0 |    1983 |   0.0 |       0 |       7 |   0.0 |   951
        Lair:2 |       0 |    4225 |   0.0 |       0 |      19 |   0.0 |  1871
        Lair:3 |       0 |    2643 |   0.0 |       0 |      16 |   0.0 |  1002
        Lair:4 |       0 |   14410 |   0.0 |       0 |      60 |   0.0 |  3219
        Lair:5 |       0 |    4112 |   0.0 |       0 |      25 |   0.0 |  1367
        Lair:6 |       0 |   22334 |   0.0 |       0 |      60 |   0.0 |  1377
       Swamp:1 |       0 |   10071 |   0.0 |       0 |      28 |   0.0 |  1154
       Swamp:2 |       0 |   15522 |   0.0 |       0 |      39 |   0.0 |  1665
       Swamp:3 |       0 |   12922 |   0.0 |       0 |      48 |   0.0 |  1415
       Swamp:4 |       0 |   30220 |   0.0 |       0 |      71 |   0.0 |  2032
      Spider:1 |       0 |   12452 |   0.0 |       0 |      37 |   0.0 |  1820
      Spider:2 |       0 |   18138 |   0.0 |       0 |      48 |   0.0 |  1288
      Spider:3 |       0 |   22078 |   0.0 |       0 |      54 |   0.0 |  1568
      Spider:4 |       0 |   46087 |   0.0 |       0 |     112 |   0.0 |  2613
         Orc:1 |       0 |    3927 |   0.0 |       0 |      22 |   0.0 |  2401
         Orc:2 |       0 |   22257 |   0.0 |       0 |      72 |   0.0 |  1983
         Elf:1 |       0 |   27982 |   0.0 |       0 |      40 |   0.0 |  2033
         Elf:2 |       0 |   40339 |   0.0 |       0 |      62 |   0.0 |  3238
         Elf:3 |       0 |   74132 |   0.0 |       0 |      76 |   0.0 |  1821
      Vaults:1 |       0 |   42159 |   0.0 |       0 |      63 |   0.0 |  2224
      Vaults:2 |       0 |   54954 |   0.0 |       0 |      73 |   0.0 |  2913
      Vaults:3 |       0 |   48287 |   0.0 |       0 |      74 |   0.0 |  2085
      Vaults:4 |       0 |   65977 |   0.0 |       0 |     114 |   0.0 |  2497
      Depths:1 |       0 |   33297 |   0.0 |       0 |      36 |   0.0 |   770
       Abyss:2 |   11342 |    3199 |  78.0 |      33 |       5 |  86.8 |   860
           Lab |       0 |    2748 |   0.0 |       0 |       9 |   0.0 |   658
         Sewer |       0 |     517 |   0.0 |       0 |      47 |   0.0 |   378
       Ossuary |       0 |     464 |   0.0 |       0 |      35 |   0.0 |   529
         IceCv |       0 |    2479 |   0.0 |       0 |      10 |   0.0 |   634
               +---------+---------+-------+---------+---------+-------+---------

Vault maps used:
D:1:      moated_graveyard_arrival, minivault_25, minmay_shallow_snake_nest
D:2:      uniq_crazy_yiuf_cottage, uniq_robin
D:3:      tgw_sif, hangedman_decor_push, kennysheep_generic_room_9
D:4:      marbit_many_paths, gammafunk_temple_overflow_statue, temple_doors_cd
D:5:      kb_xom_exploding_sheep, first_ration
D:6:      fedhas_altar_3, gup_sewer_entry_pipe, enter_ossuary_4,
          hangedman_decor_growths, uniq_duvessa
D:7:      evilmike_ruin_ashenzari, serial_bayou, serial_bayou_pond_b,
          serial_bayou_shore_b, serial_bayou_ford_a, serial_bayou_lake_a,
          grunt_ogre_cave
D:8:      serial_shops, nicolae_shop_stone,
          nicolae_shop_temple_entry_statues_fountains, nicolae_shop_crystal,
          nicolae_shop_trees, minivault_19, uniq_psyche
D:9:      erik_lair_orcish_takeover
D:10:     orc_david_3
D:11:     kennysheep_cross_bottleneck, kennysheep_flooded_box
D:12:     minmay_textured_paths, portal_ice_cave_entry_imps, uniq_urug
D:13:     lab_entry_generic, minivault_26
D:14:     grunt_vaults_entry_tiered, lemuel_round_altar
D:15:     grunt_enter_depths_magical_seal, skrybe_limestone_x
Lair:1:   uniq_nergalle
Lair:2:   minivault_19, serial_bayou_shore_b, minmay_lair_oklob_chamber
Lair:3:   serial_bayou_shore_b, uniq_rupert
Lair:4:   minmay_swamp_entry_worms, spider_nest_entry_funnel_web, basic_altar,
          special_room
Lair:5:   nicolae_slime_entry_slimehenge, st_stairs_5,
          nicolae_quartered_pool_super
Lair:6:   gammafunk_lair_ancient_temple, minivault_26
Swamp:1:  evilmike_swamp_ruin_house_3, swamp_pool5, uniq_nikola
Swamp:2:  nicolae_swamp_phyte_club, evilmike_swamp_ruin_wall, swamp_pool2,
          statue_in_the_mist_lemuel, uniq_roxanne
Swamp:3:  nicolae_swamp_feature_on_the_river_bank
Swamp:4:  swamp_basic_johnstein, swamp_pool1, hangedman_swamp_blocks
Spider:1: guppyfry_spider_mini_2
Spider:2: spider_trap, nicolae_spider_nook
Spider:4: grunt_spider_rune_circles, spiders_nest_hornet_nest, uniq_donald
Orc:1:    serial_shops, shop, uniq_erica
Orc:2:    st_orc_ogre_mass, serial_shops, bzr_entry_gold, mines3_lemuel,
          uniq_sonja, uniq_josephine, uniq_maurice
Elf:1:    eino_elf_arrival_the_gate, basic_altar, minmay_elf_crystal_heptagon,
          palyth_stone_intersect, grunt_ministairs_4, minmay_shop_grove,
          uniq_frances
Elf:2:    serial_shops, nicolae_shop_window_shopping, uniq_agnes
Elf:3:    minmay_elf_hall_four_x, serial_shops, bzr_in_the_mist, nrook_uturn,
          kb_rosetta
Vaults:1: nicolae_vaults_little_squares_1, v_misc_26, nicolae_vaults_octagons,
          vaults_room_pools, v_rooms_6, v_misc_32, vaults_room_corners,
          hangedman_vaults_nodes, vaults_room_door_hall, vaults_mumra_lcd,
          vaults_room_stairs_pillars, nicolae_vaults_asterisk, uniq_asterion
Vaults:2: vaults_room_grid, nicolae_vaults_stairing_the_circle,
          ontoclasm_vaults_spin, v_pattern_3, nicolae_vaults_twisting_passages,
          minmay_crypt_entry_simple_box, vaults_room_pools,
          hangedman_vaults_slice, serial_shops, shop, uniq_saint_roka
Vaults:3: v_rooms_5, hangedman_vaults_restitches, hangedman_vaults_river_flow,
          nicolae_vaults_hallways_thing, vaults_room_fours,
          hangedman_vaults_nails, nicolae_vaults_asterisk
Vaults:4: hangedman_vaults_trim, v_misc_22, v_pattern_2,
          hangedman_vaults_cutoff, nicolae_vaults_little_squares_6, v_misc_15,
          grunt_vaults_bifocal, nicolae_vaults_shelves_hall,
          nicolae_vaults_little_squares_2, v_misc_4,
          nicolae_vaults_windows_and_doors_thing, hangedman_vaults_maws,
          vaults_mumra_chevron, vaults_room_hallway, vaults_room_hallway,
          serial_shops, shop
Depths:1: rand_demon_pan_entry_4, grunt_hell_entry_dis_grunt, minmay_hedge_maze,
          minmay_misc_feat_enclosed, lightli_church_of_beogh, uniq_mara,
          uniq_jorgrun
Abyss:2:  evilmike_abyss_exit_smiterflies
Lab:      labyrinth_fake_exit, labyrinth_skeletal_remains, nicolae_lab_quarters,
          lab_fountain, lab_statue, nicolae_lab_big_swirl
Bazaar:   bazaar_minmay_trees
Sewer:    sewer_minmay_treatment
Ossuary:  ossuary_tomb_2
IceCv:    ice_cave_statue_garden_teleport
